 Dungeon Crawl Stone Soup version 0.31-a0-845-g9abc20d24f (webtiles) character file.

Game seed: 13736893632718357743

1443373 schaIuck the Petrodigitator (level 27, -14/196 (199) HPs)
             Began as a Gargoyle Earth Elementalist on Sept 30, 2023.
             Was the Champion of Vehumet.
             Killed by a royal mummy's death curse (24 damage)
             ... on level 22 of a ziggurat.
             The game lasted 07:32:59 (162870 turns).

schaIuck the Petrodigitator (GrEE)                Turns: 162870, Time: 07:33:00

HP:   -14/196 (199) AC: 38    Str: 15    XL:     27
MP:   14/72         EV: 28    Int: 53    God:    Vehumet [******]
Gold: 12045         SH: 17    Dex: 15    Spells: 1/80 levels left

rFire   + + .        i - staff "Soblor" {rF+ rN+ Str-5 Conj Fire Ice}
rCold   + + +        r - +3 buckler {rC+ rF+}
rNeg    + + .        C - +0 leather armour of the Cuttlefish {MP+9 Str+2 Int+7}
rPois   ∞            R - +1 hat of Qazlal's Grace {*Corrode rC+ Int+4 SInv}
rElec   +            x - +2 cloak {rCorr}
rCorr   +            G - +2 pair of gloves
SInv    +            o - +0 pair of boots "Zounkept" {Will++ Dex+3}
Will    ++++.        Q - amulet of Balance {Reflect rC- Str+2 Int+4 Dex+3 SH+5}
Stlth   ++++         D - ring "Eborch" {rC+ MP+9 Int+6}
HPRegen 0.52/turn    n - ring "Nyorasi" {rC++ rCorr EV+5 Str+3}
MPRegen 0.43/turn

%: corrode self (3%), reflection
@: flying, slowed, studying 8 skills, lightly drained, very slow
A: sickness immunity, AC +20, big wings, negative energy resistance 1,
electricity resistance, torment resistance 1, petrification resistance, antennae
1, talons 1, clever 1, no potion heal 1
}: 15/15 runes: decaying, slimy, silver, golden, iron, obsidian, icy, bone,
abyssal, demonic, glowing, magical, fiery, dark, gossamer
a: Renounce Religion


You were on level 22 of a ziggurat.
You worshipped Vehumet.
Vehumet was exalted by your worship.
You visited 18 branches of the dungeon, and saw 88 of its levels.
You visited Pandemonium 2 times, and saw 21 of its levels.
You visited the Abyss 2 times.
You visited 1 ziggurat, and saw 22 of its levels.
You also visited: Sewer and Ice Cave.

You collected 17907 gold pieces.
You spent 5862 gold pieces at shops.

Inventory:

Hand Weapons
 B - the +13 sceptre of Asmodeus
   (You took it off Asmodeus on level 7 of Gehenna)

   Fire Summon: It may summon demons of flame and damnation when striking foes.
Armour
 o - the +0 pair of boots "Zounkept" (worn) {Will++ Dex+3}
   (You found it on level 5 of the Pits of Slime)

   Dex+3:     It affects your dexterity (+3).
   Will++:    It greatly increases your willpower.
 r - a +3 buckler of resistance (worn)
 x - a +2 cloak of preservation (worn)
 C - the +0 leather armour of the Cuttlefish (worn) {MP+9 Str+2 Int+7}
   (You found it on level 5 of the Lair of Beasts)

   Str+2:     It affects your strength (+2).
   Int+7:     It affects your intelligence (+7).
   MP+9:      It affects your magic capacity (+9).
 G - a +2 pair of gloves (worn)
 R - the +1 hat of Qazlal's Grace (worn) {*Corrode rC+ Int+4 SInv}
   (You found it on level 2 of the Vaults)

   Int+4:     It affects your intelligence (+4).
   rC+:       It protects you from cold.
   SInv:      It lets you see invisible.
   *Corrode:  It may corrode you when you take damage.
Magical Staves
 i - the staff "Soblor" (weapon) {rF+ rN+ Str-5 Conj Fire Ice}
   (You found it on level 3 of the Elven Halls)

   [staff of fire]

   Base accuracy: +5 Base damage: 5 Base attack delay: 1.2 This weapon's minimum
   attack delay (0.6) is reached at skill level 12.
   Str-5:     It affects your strength (-5).
   rF+:       It protects you from fire.
   rN+:       It protects you from negative energy.
   Conj:      It increases the power of your Conjurations spells.
   Fire:      It increases the power of your Fire spells.
   Ice:       It increases the power of your Ice spells.
   It falls into the 'Staves' category.
   It is a one-handed weapon.
 H - the staff "Yfailem" {+Blink rElec rPois rC+ Ice}
   (You found it in Pandemonium)

   [staff of cold]

   Base accuracy: +5 Base damage: 5 Base attack delay: 1.2 This weapon's minimum
   attack delay (0.6) is reached at skill level 12.
   rC+:       It protects you from cold.
   rElec:     It insulates you from electricity.
   rPois:     It protects you from poison +Blink: It lets you blink.
   Ice:       It increases the power of your Ice spells.
   It falls into the 'Staves' category.
   It is a one-handed weapon.
 Z - the staff of Vodka {Str-3 Int+3 Dex+4 Air Earth}
   (You found it on level 5 of the Pits of Slime)

   [staff of earth]

   Base accuracy: +5 Base damage: 5 Base attack delay: 1.2 This weapon's minimum
   attack delay (0.6) is reached at skill level 12.
   Str-3:     It affects your strength (-3).
   Int+3:     It affects your intelligence (+3).
   Dex+4:     It affects your dexterity (+4).
   Air:       It increases the power of your Air spells.
   Earth:     It increases the power of your Earth spells.
   It falls into the 'Staves' category.
   It is a one-handed weapon.
Jewellery
 a - the ring of Fetufi {Fly rF+ rCorr}
   (You found it on level 17 of a ziggurat)

   [ring of resist corrosion]

   rF+:       It protects you from fire.
   Fly:       It grants you flight.
   rCorr:     It protects you from acid and corrosion.
 n - the ring "Nyorasi" (right hand) {rC++ rCorr EV+5 Str+3}
   (You bought it in a shop on level 7 of the Dungeon)

   [ring of evasion]

   EV+5:      It affects your evasion (+5).
   Str+3:     It affects your strength (+3).
   rC++:      It greatly protects you from cold.
   rCorr:     It protects you from acid and corrosion.
 y - the ring of Xiawn {Wiz rC+}
   (You found it on level 6 of a ziggurat)

   [ring of wizardry]

   Wiz:       It improves your spell success rate.
   rC+:       It protects you from cold.
 D - the ring "Eborch" (left hand) {rC+ MP+9 Int+6}
   (You found it on level 16 of a ziggurat)

   [ring of intelligence]

   Int+6:     It affects your intelligence (+6).
   rC+:       It protects you from cold.
   MP+9:      It affects your magic capacity (+9).
 I - the amulet "Zoal Huc" {Spirit Int+3 Dex+6 SInv}
   (You found it on level 7 of a ziggurat)

   [amulet of guardian spirit]

   Spirit:    It causes incoming damage to be divided between your reserves of
   health and magic.
   Int+3:     It affects your intelligence (+3).
   Dex+6:     It affects your dexterity (+6).
   SInv:      It lets you see invisible.
 J - the amulet of the Air {Inacc Air Fly rElec RMsl}
   (You found it on level 5 of the Pits of Slime)

   [amulet of nothing]

   Inacc:     It reduces the accuracy of your attacks and spells.
   Air:       It enhances your air magic.
   rElec:     It insulates you from electricity.
   Fly:       It grants you flight.
   RMsl:      It protects you from missiles.
 L - the ring "Toagieg" {Ice rCorr}
   (You found it on level 8 of a ziggurat)

   [ring of ice]

   Ice:       It enhances your ice magic.
   rF-:       It makes you vulnerable to fire.
   rC+:       It protects you from cold.
   rCorr:     It protects you from acid and corrosion.
 M - the ring of Syduczior {Will+ MP+9}
   (You found it on level 4 of the Lair of Beasts)

   [ring of magical power]

   Will+:     It increases your willpower.
   MP+9:      It affects your magic capacity (+9).
 N - the ring "Zocso" {Ice Contam Int+3 Dex+3}
   (You found it on level 5 of the Pits of Slime)

   [ring of ice]

   Ice:       It enhances your ice magic.
   Int+3:     It affects your intelligence (+3).
   Dex+3:     It affects your dexterity (+3).
   rF-:       It makes you vulnerable to fire.
   rC+:       It protects you from cold.
   Contam:    It causes magical contamination when unequipped.
 Q - the amulet of Balance (around neck) {Reflect rC- Str+2 Int+4 Dex+3 SH+5}
   (You bought it in a shop on level 2 of the Dungeon)

   [amulet of reflection]

   Reflect:   It reflects blocked missile attacks.
   Str+2:     It affects your strength (+2).
   Int+4:     It affects your intelligence (+4).
   Dex+3:     It affects your dexterity (+3).
   rC-:       It makes you vulnerable to cold.
   SH+5:      It affects your SH (+5).
Wands
 g - a wand of quicksilver (51)
 E - a wand of mindburst (65)
 X - a wand of digging (80)
Scrolls
 c - 12 scrolls of vulnerability
 d - 20 scrolls of teleportation
 f - 23 scrolls of fog
 j - 2 scrolls of enchant armour
 l - 5 scrolls of silence
 m - 10 scrolls of fear
 q - a scroll of poison
 F - 8 scrolls of torment
 K - 11 scrolls of revelation
 S - 5 scrolls of butterflies
 T - 12 scrolls of immolation
Potions
 e - 4 potions of heal wounds
 h - 15 potions of mutation
 k - a potion of attraction
 p - 11 potions of enlightenment
 s - 11 potions of haste
 u - 5 potions of cancellation
 v - 42 potions of curing
 w - 3 potions of lignification
 z - 3 potions of brilliance
 A - 9 potions of resistance
 O - 4 potions of invisibility
 V - a potion of magic
 W - 15 potions of ambrosia
 Y - 9 potions of might
Miscellaneous
 b - a phial of floods
 t - a figurine of a ziggurat
 P - the horn of Geryon
 U - a condenser vane


   Skills:
 O Level 27 Fighting
 - Level 6.0 Short Blades
 - Level 12.0 Staves
 + Level 23.9 Armour
 + Level 22.2 Dodging
 - Level 11.0 Stealth
 - Level 18.3 Shields
 O Level 27 Spellcasting
 - Level 23.0 Conjurations
 + Level 25.0 Summonings
 - Level 25.0 Necromancy
 - Level 10.0 Translocations
 - Level 10.0 Transmutations
 - Level 16.0 Fire Magic
 - Level 5.1 Air Magic
 O Level 27 Earth Magic
 - Level 6.0 Poison Magic
 - Level 10.0 Evocations


You had one spell level left.
You knew the following spells:

 Your Spells              Type           Power      Damage    Failure   Level
a - Death's Door          Necr           73%        N/A       1%          9
b - Lehudib's Crystal Sp  Conj/Erth      86%        10d19     1%          8
c - Shatter               Erth           75%        3d55*     1%          9
d - Borgnjor's Vile Clut  Necr/Erth      74%        N/A       0%          5
e - Dispersal             Tloc           54%        N/A       1%          6
f - Spellforged Servitor  Conj/Summ      85%        N/A       0%          7
h - Yara's Violent Unrav  Hex/Tmut       45%        3d18      1%          5
i - Fire Storm            Conj/Fire      93%        8d24      1%          9
j - Ignition              Fire           76%        3d20      1%          8
k - Passage of Golubria   Tloc           100%       N/A       1%          4
l - Dragon's Call         Summ           73%        N/A       1%          9

Your spell library contained the following spells:

 Spells                   Type           Power      Damage    Failure   Level
 Apportation              Tloc           100%       N/A       0%          1
 Foxfire                  Conj/Fire      100%       2x1d9     0%          1
 Kiss of Death            Conj/Necr      100%       2d13      0%          1
 Magic Dart               Conj           100%       1d8       0%          1
 Necrotise                Necr           100%       1d9       0%          1
 Sandblast                Erth           100%       2d20      0%          1
 Shock                    Conj/Air       100%       1d9       0%          1
 Sting                    Tmut/Pois      100%       1d8       0%          1
 Summon Small Mammal      Summ           100%       N/A       0%          1
 Freeze                   Ice            100%       1d10      1%          1
 Blink                    Tloc           100%       N/A       0%          2
 Call Imp                 Summ           100%       N/A       0%          2
 Lesser Beckoning         Tloc           100%       N/A       0%          2
 Momentum Strike          Conj/Tloc      100%       3d10      0%          2
 Passwall                 Tmut/Erth      100%       N/A       0%          2
 Scorch                   Fire           100%       2d9       0%          2
 Searing Ray              Conj           100%       2d8       0%          2
 Static Discharge         Conj/Air       100%       2-7/arc   0%          2
 Wereblood                Tmut           100%       N/A       0%          2
 Call Canine Familiar     Summ           100%       N/A       0%          3
 Dazzling Flash           Conj/Hex       100%       N/A       0%          3
 Gell's Gravitas          Tloc           100%       N/A       0%          3
 Hailstorm                Conj/Ice       100%       3d20      0%          3
 Ignite Poison            Fire/Tmut/Pois 100%       N/A       0%          3
 Inner Flame              Hex/Fire       100%       N/A       0%          3
 Mephitic Cloud           Conj/Pois/Air  100%       N/A       0%          3
 Stone Arrow              Conj/Erth      100%       3d13      0%          3
 Summon Guardian Golem    Hex/Summ       100%       N/A       0%          3
 Teleport Other           Tloc           100%       N/A       0%          3
 Volatile Blastmotes      Fire/Tloc      100%       2d18      0%          3
 Anguish                  Hex/Necr       58%        N/A       0%          4
 Animate Armour           Summ/Erth      100%       N/A       0%          4
 Animate Dead             Necr           100%       N/A       0%          4
 Brom's Barrelling Bould  Conj/Erth      100%       2d11      0%          4
 Dispel Undead            Necr           100%       3d31      0%          4
 Flame Wave               Conj/Fire      100%       2d21      0%          4
 Fulminant Prism          Conj/Hex       69%        3d28      0%          4
 Iskenderun's Mystic Bla  Conj/Tloc      100%       2d19      0%          4
 Leda's Liquefaction      Hex/Erth       60%        N/A       0%          4
 Petrify                  Tmut/Erth      100%       N/A       0%          4
 Summon Ice Beast         Ice/Summ       100%       N/A       0%          4
 Summon Lightning Spire   Summ/Air       100%       N/A       0%          4
 Agony                    Necr           100%       N/A       0%          5
 Arcjolt                  Conj/Air       73%        1d83      0%          5
 Fireball                 Conj/Fire      93%        3d34      0%          5
 Irradiate                Conj/Tmut      76%        3d37      0%          5
 Iskenderun's Battlesphe  Conj           100%       2d15      0%          5
 Lee's Rapid Deconstruct  Erth           75%        3d34*     0%          5
 Summon Forest            Summ/Tloc      65%        N/A       0%          5
 Bombard                  Conj/Erth      86%        9d14      0%          6
 Death Channel            Necr           73%        N/A       0%          6
 Starburst                Conj/Fire      93%        6d23      0%          6
 Summon Cactus Giant      Summ           73%        N/A       0%          6
 Haunt                    Necr/Summ      73%        N/A       0%          7
 Monstrous Menagerie      Summ           73%        N/A       0%          7
 Orb of Destruction       Conj           84%        9d19      0%          7
 Summon Hydra             Summ           73%        N/A       0%          7
 Ensorcelled Hibernation  Hex/Ice        100%       N/A       1%          2
 Jinxbite                 Hex            100%       N/A       1%          2
 Poisonous Vapours        Pois/Air       100%       N/A       1%          2
 Confusing Touch          Hex            64%        N/A       1%          3
 Frozen Ramparts          Ice            100%       1d16      1%          3
 Ozocubu's Armour         Ice            82%        N/A       1%          3
 Sigil of Binding         Hex            64%        N/A       1%          3
 Swiftness                Air            90%        N/A       1%          3
 Tukima's Dance           Hex            64%        N/A       1%          3
 Airstrike                Air            45%        2d(7-23)  1%          4
 Cause Fear               Hex            32%        N/A       1%          4
 Dimensional Bullseye     Hex/Tloc       45%        N/A       1%          4
 Manifold Assault         Tloc           100%       N/A       1%          4
 Olgreb's Toxic Radiance  Pois           94%        N/A       1%          4
 Vhi's Electric Charge    Tloc/Air       100%       N/A       1%          4
 Alistair's Intoxication  Tmut/Pois      68%        N/A       1%          5
 Freezing Cloud           Conj/Ice/Air   78%        6-21      1%          5
 Silence                  Hex/Air        39%        N/A       1%          5
 Summon Mana Viper        Hex/Summ       100%       N/A       1%          5
 Conjure Ball Lightning   Conj/Air       73%        3x3d27    1%          6
 Eringya's Noxious Bog    Tmut/Pois      51%        4d6       1%          6
 Plasma Beam              Fire/Air       67%        2x1d84    1%          6
 Simulacrum               Ice/Necr       70%        N/A       1%          6
 Malign Gateway           Summ/Tloc      65%        N/A       1%          7
 Borgnjor's Revivificati  Necr           73%        N/A       1%          8
 Infestation              Necr           73%        N/A       1%          8
 Summon Horrible Things   Summ           73%        N/A       1%          8
 Metabolic Englaciation   Hex/Ice        41%        N/A       4%          5
 Chain Lightning          Conj/Air       73%        3d97      13%         9
 Disjunction              Tloc           54%        N/A       17%         8
 Maxwell's Capacitive Co  Air            45%        ∞         30%         8
 Ozocubu's Refrigeration  Ice            41%        4d16      32%         7
 Enfeeble                 Hex            32%        N/A       78%         7
 Discord                  Hex            32%        N/A       100%        8
 Polar Vortex             Ice            41%        12d5*     100%        9
 Cigotuvi's Dreadful Rot  Necr/Pois/Air  Unusable   N/A       N/A         2
 Sublimation of Blood     Necr           Unusable   N/A       N/A         2

Dungeon Overview and Level Annotations

Branches:
Dungeon (15/15)            Temple (1/1) D:7            Lair (5/5) D:11
  Swamp (4/4) Lair:3       Spider (4/4) Lair:3        Slime (5/5) Lair:4
    Orc (2/2) D:10            Elf (3/3) Orc:2        Vaults (5/5) D:14
  Crypt (3/3) Vaults:3       Tomb (3/3) Crypt:3      Depths (4/4) D:15
   Hell (visited)             Dis (7/7) Hell            Geh (7/7) Hell
    Coc (7/7) Hell            Tar (7/7) Hell            Zot (5/5) Depths:4
  Sewer (visited)           IceCv (visited)

Altars:
Ashenzari
Cheibriados
Dithmenos
Elyvilon
Fedhas
Gozag
Hepliaklqana
Kikubaaqudgha
Makhleb
Nemelex Xobeh
Okawaru
Qazlal
Ru
Sif Muna
Trog
Uskayaw
Vehumet
Wu Jian
Xom
Yredelemnul
Zin
The Shining One
Jiyva

Shops:
D:2 !==*   D:4 (!(   D:7 =   D:8 [   D:11 (   D:14 (   Orc:2 *[((   Elf:2 [
Elf:3 [(   Vaults:2 !   Vaults:4 (   Zot:3 *   Depths:3 *

Portals:
Hell: Depths:1 Depths:2 Depths:3 Depths:4
Abyss: Lair:1 Depths:2 Depths:3
Pandemonium: Depths:2 Depths:3

Annotations:
Lair:2 exclusion: 2 death yaks
Elf:3 exclusion: 2 doors
Zot:3 1 transporter


Innate Abilities, Weirdness & Mutations

You are immune to sickness and miasma.
Your stone body is resilient. (AC +20)
You are immune to poison.
Your large and strong wings let you fly.
You resist negative energy. (rN+)
You are resistant to electric shocks. (rElec)
You are resistant to unholy torment.
You are immune to petrification.
You have a pair of small antennae on your head.
You have sharp toenails.
Your mind is acute. (Int +4, Str/Dex -1)
Potions are less effective at restoring your health.


Message History

Vehumet accepts your kill.
You feel your power returning.
You destroy the mummy!
Vehumet accepts your kill.
You feel your power returning.
The royal mummy is lightly damaged.
A guardian mummy comes into view.
A mummy comes into view.
Casting: Shatter (mildly dangerous; 1% risk of failure)
Confirm with . or Enter, or press ? or * to list all spells.
The dungeon rumbles!
The royal mummy is heavily damaged.
You destroy the guardian mummy!
Vehumet accepts your kill.
You feel your power returning.
You destroy the mummy!
Vehumet accepts your kill.
You feel your power returning.
* * * LOW MAGIC WARNING * * *
You feel extremely nervous for a moment...
You are engulfed in negative energy!
You partially resist.
You feel drained.
A guardian mummy comes into view.
A mummy comes into view.
Casting: Shatter (mildly dangerous; 1% risk of failure)
Confirm with . or Enter, or press ? or * to list all spells.
The dungeon rumbles!
You destroy the royal mummy!
Vehumet accepts your kill.
You feel your power returning.
You destroy the guardian mummy!
Vehumet accepts your kill.
You feel your power returning.
You destroy the mummy!
Vehumet accepts your kill.
You feel your power returning.
* * * LOW MAGIC WARNING * * *
You feel extremely nervous for a moment...
Pain shoots through your body!
* * * LOW HITPOINT WARNING * * *
You feel extremely nervous for a moment...
Pain shoots through your body!!
You die...

...................▓
...................▓
...................▓
.....M............∩▓
.......†...........▓
.°.................▓
.M..M...†..........▓
......#M...........▓
.....##.........@..▓
.....M.............▓
........▓▓▓▓▓▓▓▓▓▓▓▓
........ ........
........ ▓▓▓▓▓▓▓▓


There were no monsters in sight!

Vanquished Creatures
  Asmodeus (Geh:7)
  the Royal Jelly (Slime:5)
  Gloorx Vloq (Pan)
  Ereshkigal (Tar:7)
  Lom Lobon (Pan)
  A seraph (Pan)
  The ghost of Diwoup the Annihilator, a legendary TeAE of Vehumet (Zig:17)
  Mnoleg (Pan)
  Dispater (Dis:7)
  10 dread liches
  The ghost of gyole the Shapeless Troll, a legendary TrSh of Ru (Zig:17)
  14 ancient liches
  5 orbs of fire
  Khufu (Crypt:3)
  The ghost of Gyofeun the Axe Maniac, a legendary FoFi of Ru (Zig:17)
  Mennas (Crypt:3)
  The ghost of Muffal the Impregnable, a legendary FoFi of the Shining One (Zig:17)
  The ghost of zdzicho121 the Petrodigitator, a legendary GrEE of Vehumet (Zig:17)
  4 juggernauts
  53 royal mummies
  Boris (Tomb:3)
  The ghost of Rauty the Slayer, a veteran MiFi of Okawaru (Zig:17)
  The ghost of Divoc the Warrior, a veteran GrFi of the Shining One (Crypt:3)
  Bai Suzhen (Vaults:5)
  9 Killer Klowns
  25 shard shrikes
  38 caustic shrikes
  5 curse toes
  11 pandemonium lords
  Geryon (Hell)
  9 golden dragons
  Norris (Elf:3)
  38 bone dragons
  9 profane servitors
  3 pearl dragons
  27 hellephants
  the Enchantress (Depths:3)
  Arachne (Spider:4)
  15 iron giants
  28 doom hounds
  23 Tzitzimimeh
  4 electric golems
  19 tentacled monstrosities
  20 Brimstone Fiends
  2 spectral shard shrikes
  A walking crystal tome (Depths:1)
  26 Ice Fiends
  Zenata (Elf:3)
  6 liches
  23 tainted leviathans
  28 Hell Sentinels
  2 walking earthen tomes
  A shard shrike skeleton (Crypt:3)
  19 titans
  A walking frostbound tome (Depths:2)
  Murray (Hell)
  4 deep elf blademasters
  2 deep elf master archers
  18 sphinxes
  7 quicksilver dragons
  25 Orb Guardians
  18 acid blobs
  27 searing wretches
  13 death cobs
  39 ancient champions
  26 Executioners
  6 tengu reavers
  18 shadow dragons
  6 tentacled starspawn
  Donald (Elf:2)
  Agnes (Spider:1)
  Aizul (Spider:4)
  5 thorn hunters
  17 azure jellies
  15 storm dragons
  2 nagarajas (Zig:7)
  9 revenants
  12 quicksilver elementals
  25 daevas (Pan)
  4 draconian knights
  3 draconian monks
  4 fenstrider witches
  10 demonspawn warmongers (Pan)
  12 rockslimes
  9 deep elf sorcerers
  22 ghost moths
  13 iron dragons
  A frost giant (shapeshifter) (Zig:12)
  13 frost giants
  23 narguns
  29 fire giants
  14 vault wardens
  5 emperor scorpions
  3 draconian scorchers
  6 shard shrike simulacra
  6 spectral caustic shrikes
  A caustic shrike zombie (Zig:22)
  A spectral juggernaut (Tar:5)
  6 curse skulls
  7 draconian shifters
  54 balrugs
  4 orc warlords (Zig:14)
  13 ghouls
  3 deep elf elementalists (Elf:3)
  27 ophanim (Pan)
  23 ironbound preservers
  A quicksilver ooze (shapeshifter) (Zig:16)
  11 demonspawn blood saints
  8 draconian annihilators
  51 angels
  6 draconian stormcallers
  2 formless jellyfish
  45 war gargoyles
  9 broodmothers
  19 demonspawn corrupters (Pan)
  16 stone giants
  45 reapers
  6 caustic shrike skeletons
  41 very ugly things
  16 quicksilver oozes
  21 cacodemons
  9 ironbound thunderhulks
  44 apis (Pan)
  3 juggernaut skeletons
  4 spriggan defenders (Depths:3)
  6 eleionomae
  10 green draconians
  11 demonspawn black suns
  25 elemental wellsprings
  13 yellow draconians
  9 deep elf demonologists
  16 putrid mouths
  4 dire elephants
  5 black draconians
  A dire elephant (shapeshifter) (Zig:12)
  14 spark wasps
  3 spectral titans
  19 deep elf annihilators
  6 red draconians
  10 vampire knights
  11 white draconians
  11 purple draconians
  13 bennus
  23 lorocyprocas
  16 wendigos
  6 bunyips
  Snorg (Lair:4)
  36 iron golems
  30 blizzard demons
  15 deep elf death magi
  9 crystal guardians
  44 mummy priests
  3 merfolk javelineers
  13 ettins
  26 eidola
  5 jiangshi (Crypt:1)
  6 spectral spriggans
  3 fire dragons
  16 yaktaur captains
  A spectral golden dragon (Tar:6)
  8 entropy weavers
  8 great orbs of eyes
  30 green deaths
  2 spectral iron giants
  4 shambling mangroves (Swamp:4)
  14 deep elf high priests
  A quicksilver dragon zombie (Zig:21)
  6 rakshasas (Pan)
  2 spriggan zombies
  7 ice dragons
  33 vault guards
  7 salamander tyrants
  A quicksilver dragon skeleton (Abyss:3)
  A spectral shadow dragon (Tar:1)
  6 ironbound frosthearts
  15 alligators
  10 hell beasts
  4 jorogumos
  3 peacekeepers
  11 caustic shrike simulacra
  An alligator snapping turtle (shapeshifter) (Zig:6)
  3 fenstrider witch skeletons
  4 ogre magi
  2 sphinx zombies
  16 hydras
  9 stokers
  3 ghost crabs
  8 spriggan air magi
  10 spriggan skeletons
  4 radroaches
  2 centaur warriors
  The ghost of Xebir the Jinx, a journeyman DgAE (D:12)
  A boulder beetle (shapeshifter) (Zig:16)
  2 catoblepae (Zig:13)
  A spectral stone giant (Tar:2)
  7 juggernaut simulacra
  34 dancing weapons
  4 death knights
  4 two-headed ogres
  The ghost of Gargoyl the Cleaver, a journeyman GrBe of Trog (Lair:1)
  18 death yaks
  A spectral draconian (Tar:2)
  10 boulder beetles
  44 hell hogs
  10 deep troll shamans
  48 death scarabs
  6 deep troll earth magi
  6 tengu warriors
  A thrashing horror (Abyss:1)
  17 spriggans
  2 shock serpents (Zig:7)
  Nergalle (Lair:1)
  17 crystal echidnas
  A shock serpent (shapeshifter) (Zig:12)
  2 nameless horrors
  39 demonic crawlers
  4 naga sharpshooters (Zig:7)
  3 spriggan berserkers
  A storm dragon zombie (Zig:22)
  2 spectral dire elephants (Tar:7)
  5 spectral nagas
  87 sun demons
  5 vampire magi
  5 orc high priests
  Sonja (Orc:2)
  7 titan skeletons
  26 hell knights
  5 wretched stars (Abyss:3)
  25 deep elf knights
  5 skysharks
  67 soul eaters
  28 sixfirhies
  27 shadow wraiths
  3 sun moths
  A fire crab (Lair:4)
  A deep troll (shapeshifter) (Zig:10)
  13 iron trolls
  A spectral minotaur (Tar:2)
  10 pharaoh ants
  30 skeletal warriors
  4 goliath frogs
  A spark wasp zombie (Crypt:1)
  70 deep trolls
  2 quicksilver dragon simulacra
  A storm dragon skeleton (Depths:2)
  A golden dragon zombie (Zig:21)
  An anaconda zombie (Hell)
  3 bog bodies
  6 spriggan druids
  7 flayed ghosts
  12 shadow demons (Pan)
  13 phantasmal warriors
  A naga ritualist (Zig:7)
  9 swamp dragons
  A sea snake (shapeshifter) (Depths:1)
  19 orb spiders
  5 spectral anacondas
  An orange crystal statue (Zig:15)
  8 steelbarb worms
  6 glowing orange brains
  73 large abominations
  2 bunyip skeletons
  26 cherubim (Pan)
  10 deep elf archers
  A tengu zombie (Zig:22)
  3 spriggan simulacra
  7 ironbound convokers
  5 spectral hydras
  3 anaconda skeletons
  3 obsidian statues (Zig:15)
  9 lindwurms
  19 starcursed masses
  28 deep elf pyromancers
  38 deep elf zephyrmancers
  6 orc knights
  2 tengu skeletons (Zig:21)
  23 wizards
  A mana viper (shapeshifter) (Zig:12)
  13 necromancers
  12 orc sorcerers
  A shadow dragon skeleton (Zig:22)
  5 cyclopes
  2 glowing shapeshifters
  2 golden dragon skeletons
  2 manticores (shapeshifter)
  A spectral ettin (Tar:1)
  A faun (shapeshifter) (D:13)
  19 wolf spiders
  A fire giant zombie (Depths:2)
  10 shining eyes
  53 ugly things
  3 oklob plants (Swamp:4)
  2 manticores
  An eleionoma zombie (Crypt:2)
  An alligator skeleton (Hell)
  2 will-o-the-wisps
  A spectral centaur (Tar:1)
  19 elephants
  A worldbinder (Abyss:3)
  A cyclops (shapeshifter) (Vaults:5)
  A shock serpent zombie (Crypt:3)
  A dire elephant zombie (Abyss:3)
  A centaur zombie (D:15)
  A spectral ice dragon (Tar:1)
  A fire giant skeleton (Depths:2)
  A frost giant skeleton (Vaults:3)
  36 moths of wrath
  11 rust devils
  6 eyes of devastation
  2 iron dragon skeletons
  16 vault sentinels
  6 titan simulacra
  8 black mambas
  Joseph (D:7)
  5 apocalypse crabs
  2 spectral alligator snapping turtles
  4 stone giant skeletons
  5 molten gargoyles (Hell)
  A storm dragon simulacrum (Coc:1)
  A guardian serpent (Zig:7)
  A black mamba (shapeshifter) (Vaults:5)
  3 ice statues
  6 torpor snails
  3 dire elephant skeletons
  86 smoke demons
  4 naga skeletons (Pan)
  An unseen horror (shapeshifter) (D:15)
  22 orange demons
  28 cane toads
  7 centaur skeletons
  9 unseen horrors
  A sea snake zombie (Hell)
  A yaktaur (shapeshifter) (Zig:16)
  37 hellions
  4 anaconda simulacra
  8 tengu conjurers
  6 efreet
  12 komodo dragons
  14 freezing wraiths
  Maggie (Lair:1)
  8 rime drakes
  76 guardian mummies
  38 yaktaurs
  38 tormentors
  2 golden dragon simulacra
  8 ice devils
  3 red devils (Pan)
  A sea snake skeleton (Hell)
  An ancient zyme (Abyss:3)
  A queen bee (D:11)
  29 hellwings
  5 iron giant simulacra
  11 trolls
  4 silent spectres
  8 hydra zombies
  5 spectral harpies
  2 human zombies (Vaults:3)
  3 death drake zombies (Swamp:4)
  6 merfolk (Zig:1)
  7 polar bears
  Prince Ribbit (D:5)
  9 tyrant leeches
  Grinder (D:3)
  6 hydra skeletons
  25 tarantellas
  4 meliai (Spider:4)
  A raiju (shapeshifter) (Zig:16)
  An ettin zombie (Zig:2)
  3 harpy skeletons
  20 hornets
  A guardian serpent zombie (Crypt:3)
  A dream sheep (Lair:4)
  26 blink frogs
  8 raiju
  37 flying skulls
  A spectral black mamba (Tar:1)
  A tarantella zombie (Crypt:2)
  4 air elementals
  A meliai zombie (Crypt:2)
  134 slime creatures
  27 jumping spiders
  A vampire (D:10)
  2 elf skeletons
  2 ettin skeletons
  A fire dragon skeleton (Pan)
  6 shadows
  19 culicivoras
  28 ushabtiu
  21 water elementals
  8 wraiths
  7 dire elephant simulacra
  62 ynoxinuls
  61 yaks
  2 black mamba skeletons
  4 basilisks
  8 wyverns
  20 golden eyes
  A golden eye (shapeshifter) (Elf:1)
  2 fire elementals
  36 neqoxecs
  2 fire bats (shapeshifter)
  61 redbacks
  2 steam dragons
  24 vampire mosquitoes
  52 chaos spawn
  A sea snake simulacrum (Hell)
  2 deep troll zombies
  9 wargs
  Edmund (D:5)
  16 harpy simulacra
  17 swamp worms
  3 acid dragons
  23 water moccasins
  2 demonspawn zombies
  3 hydra simulacra (Swamp:4)
  Duvessa (D:5)
  2 glowing shapeshifter skeletons
  A deep troll skeleton (Pan)
  43 orc warriors
  A black bear (shapeshifter) (Vaults:5)
  3 sky beasts
  2 black bears (D:6)
  A cane toad skeleton (Crypt:1)
  A dream sheep zombie (Crypt:3)
  5 ettin simulacra
  An ice dragon simulacrum (Coc:1)
  7 swamp drakes
  4 swamp dragon zombies (Swamp:4)
  A boggart (Elf:1)
  21 wolves
  16 ogres
  A snapping turtle skeleton (Crypt:1)
  3 swamp dragon skeletons
  4 centaurs
  2 torpor snail zombies
  5 small abominations
  3 phantoms
  A salamander zombie (Crypt:2)
  A kobold brigand (D:9)
  A draconian zombie (Crypt:3)
  A bullfrog (shapeshifter) (Depths:2)
  14 bullfrogs
  A yaktaur skeleton (Crypt:2)
  5 necrophages
  3 earth elementals (Elf:2)
  A gnoll sergeant (D:8)
  2 naga simulacra
  2 scorpions
  Dowan (D:5)
  13 wights (Crypt:3)
  A water moccasin skeleton (Crypt:2)
  17 killer bees (D:11)
  3 electric eels
  3 howler monkeys
  3 quasits
  5 hounds
  2 jellies
  2 gnoll boudas
  19 orc priests
  A boggart zombie (D:15)
  Jessica (D:3)
  7 iguanas
  A scorpion zombie (Crypt:1)
  A sleepcap (D:6)
  4 hell rats (Lair:4)
  27 orc wizards
  A boggart skeleton (D:15)
  An acid dragon skeleton (Crypt:1)
  99 mummies
  14 gnolls
  12 adders
  6 river rats (Lair:4)
  A shadow imp (D:8)
  3 white imps
  3 ufetubi
  4 worms
  4 dart slugs
  72 orcs
  23 ball pythons
  10 endoplasms
  10 giant cockroaches
  10 goblins
  8 hobgoblins
  4 kobolds
  17 quokkas
  11 bats
  11 frilled lizards
  An orc skeleton (Crypt:1)
  13 rats
  A butterfly (Lair:2)
  5 creeping infernos
  A lurking horror (Abyss:3)
  2 starspawn tentacles (Abyss:3)
5430 creatures vanquished.

Vanquished Creatures (collateral kills)
  Antaeus (Coc:7)
  Ignacio (Pan)
  A pandemonium lord (Zig:12)
  An ancient lich (Vaults:5)
  The ghost of Hyollov the Formicid Barricade, a legendary FoHu of Ru (Zot:3)
  A juggernaut (Dis:7)
  A royal mummy (Tomb:3)
  A caustic shrike (Dis:2)
  A bone dragon (Abyss:3)
  2 Brimstone Fiends (Pan)
  An iron giant (Dis:4)
  2 Tzitzimimeh
  2 Hell Sentinels
  3 Ice Fiends
  A quicksilver dragon (Zot:2)
  2 searing wretches
  2 Executioners
  An ancient champion (Dis:5)
  2 tengu reavers (Vaults:5)
  3 demonspawn warmongers (Pan)
  2 revenants
  A rockslime (Depths:2)
  3 daevas (Pan)
  A balrug (Depths:2)
  A draconian scorcher (Zot:2)
  A nargun (Coc:6)
  A fire giant (Geh:2)
  A quicksilver elemental (Dis:4)
  2 vault wardens (Vaults:5)
  A deep elf sorcerer (Vaults:5)
  A ghost moth (Zot:5)
  2 cacodemons (Pan)
  A demonspawn blood saint (Pan)
  2 demonspawn corrupters (Pan)
  A stone giant (Vaults:5)
  An apis (Pan)
  2 very ugly things (Pan)
  3 war gargoyles
  4 reapers
  An ophan (Pan)
  3 bennus (Tomb:2)
  A deep elf demonologist (Vaults:5)
  A wendigo (Coc:6)
  A purple draconian (Zot:5)
  2 white draconians
  2 demonspawn black suns (Pan)
  A deep elf annihilator (Vaults:5)
  2 yellow draconians
  An eidolon (Tar:7)
  An ettin (Vaults:5)
  3 green deaths (Pan)
  2 blizzard demons (Pan)
  A deep elf high priest (Depths:2)
  6 iron golems
  3 entropy weavers (Zig:20)
  A vault guard (Vaults:5)
  A salamander tyrant (Geh:1)
  A rakshasa (Abyss:3)
  An ice dragon (Depths:2)
  A boulder beetle (Zig:20)
  2 dancing weapons (Elf:2)
  A death scarab (Tomb:2)
  A demonic crawler (Pan)
  3 hell hogs
  3 thrashing horrors
  A shadow wraith (Tar:7)
  8 sun demons (Pan)
  6 sixfirhies
  2 soul eaters (Pan)
  A deep elf knight (Elf:2)
  2 wretched stars (Abyss:3)
  7 large abominations
  An orb spider (Zig:20)
  2 cherubim (Pan)
  4 shadow demons (Pan)
  A steelbarb worm (Zig:20)
  A tengu zombie (Zig:21)
  An ugly thing (Pan)
  A fenstrider witch simulacrum (Abyss:3)
  A phantasmal warrior (Vaults:5)
  A deep elf pyromancer (Elf:2)
  An orc sorcerer (Abyss:3)
  A moth of wrath (shapeshifter) (Vaults:5)
  A worldbinder (Abyss:1)
  2 apocalypse crabs (Abyss:3)
  A rust devil (Pan)
  4 orange demons
  A titan simulacrum (Coc:6)
  12 smoke demons
  A torpor snail (Zig:20)
  A dire elephant skeleton (Crypt:2)
  A hellion (Dis:2)
  An efreet (Abyss:3)
  An ice devil (Pan)
  7 tormentors
  2 freezing wraiths
  An anaconda simulacrum (Coc:2)
  3 red devils (Pan)
  A queen bee (shapeshifter) (Abyss:1)
  2 ancient zymes (Abyss:3)
  8 hellwings (Pan)
  A tyrant leech (shapeshifter) (Vaults:5)
  2 flying skulls (Abyss:3)
  A jumping spider (Zig:20)
  7 ynoxinuls
  A dire elephant simulacrum (Coc:2)
  3 neqoxecs
  4 starcursed masses
  2 redbacks (Zig:20)
  4 chaos spawn (Pan)
  A harpy simulacrum (Coc:3)
  A faun zombie (Crypt:1)
  2 small abominations (Abyss:3)
  A salamander skeleton (Crypt:1)
  A wight (Crypt:3)
  A quasit (Abyss:3)
  An iron imp (Abyss:3)
  5 mummies
  3 white imps
  3 creeping infernos
  4 fire vortices
  A lurking horror (Abyss:3)
  3 starspawn tentacles (Abyss:3)
251 creatures vanquished.

Vanquished Creatures (others)
  The ghost of Dnvifnvgi the Hoplite, a legendary MiFi of Okawaru (Zig:17)
  The ghost of Dnvifnvgi the Impregnable, a legendary MiFi of Okawaru (Zig:17)
  A shard shrike (Coc:7)
  A curse toe (Zig:17)
  A shadow dragon (Zig:17)
  An azure jelly (Coc:6)
  2 demonspawn blood saints (Pan)
  A green death (Pan)
  A caustic shrike simulacrum (Coc:7)
  A juggernaut simulacrum (Coc:7)
  A demonic crawler (Pan)
  A quicksilver dragon simulacrum (Coc:4)
  A titan simulacrum (Coc:6)
  An unseen horror (Abyss:3)
  A meliai (Zig:20)
  A bloated husk (Swamp:2)
  A harpy simulacrum (Coc:4)
  9 ball lightnings (Pan)
  A creeping inferno (Geh:7)
  157 fire vortices
  6 foxfires
  8 starspawn tentacles (Abyss:3)
199 creatures vanquished.

Grand Total: 5880 creatures vanquished

Notes
Turn   | Place    | Note
-------+----------+-------------------------------------------
     0 | D:1      | schaIuck the Gargoyle Earth Elementalist began the quest
                  | for the Orb.
     0 | D:1      | Reached XP level 1. HP: 10/10 MP: 3/3
   200 | D:1      | Reached skill level 1 in Transmutations
   200 | D:1      | Reached XP level 2. HP: 15/15 MP: 3/5
   632 | D:1      | Reached XP level 3. HP: 19/19 MP: 4/6
   948 | D:1      | Found a faded altar of an unknown god.
  1363 | D:2      | Found Rugamu's Book Shop.
  1413 | D:2      | Found Periolem's General Store.
  1420 | D:2      | Bought a potion of heal wounds for 70 gold pieces
  1636 | D:2      | Found Xoygoh's Jewellery Shoppe.
  1661 | D:2      | Reached XP level 4. HP: 24/24 MP: 1/7
  1726 | D:2      | Found a glowing silver altar of Zin.
  2102 | D:2      | Reached XP level 5. HP: 28/28 MP: 6/9
  2133 | D:2      | Found Imar's Distillery.
  2293 | D:2      | Found Dixt's Jewellery Boutique.
  2639 | D:3      | Noticed Grinder
  2639 | D:3      | Paralysed by Grinder for 4 turns
  2648 | D:3      | Killed Grinder
  2649 | D:3      | Reached XP level 6. HP: 25/32 MP: 10/10
  2689 | D:3      | Reached skill level 5 in Earth Magic
  2693 | D:3      | Learned a level 3 spell: Stone Arrow
  2729 | D:3      | Noticed Jessica
  2730 | D:3      | Killed Jessica
  2737 | D:3      | Found a glowing golden altar of the Shining One.
  3011 | D:3      | Reached XP level 7. HP: 36/36 MP: 12/12
  3255 | D:4      | Found a glowing drain.
  3292 | Sewer    | Entered a sewer
  3744 | Sewer    | Identified the +1 whip "Gyuntupo" {antimagic, *Corrode
                  | rElec rF+ Str+6}
  3880 | D:4      | Found Zatzosabb's Weapon Boutique.
  3882 | D:4      | Found Udiuch's Distillery.
  3885 | D:4      | Found Egapsim's Antique Weapon Boutique.
  3921 | D:4      | Bought a potion of haste for 100 gold pieces
  3998 | D:4      | Reached skill level 5 in Stealth
  4121 | D:4      | Found a snail-covered altar of Cheibriados.
  4216 | D:4      | Reached XP level 8. HP: 41/41 MP: 14/14
  4503 | D:5      | Entered Level 5 of the Dungeon
  4506 | D:5      | Noticed Prince Ribbit
  4536 | D:5      | Noticed Edmund
  4667 | D:5      | Killed Prince Ribbit
  4814 | D:5      | You fall into a shaft and drop 2 floors!
  4814 | D:7      | Found a staircase to the Ecumenical Temple.
  4822 | Temple   | Entered the Ecumenical Temple
  4836 | Temple   | Became a worshipper of Vehumet
  4923 | D:6      | Reached XP level 9. HP: 45/45 MP: 16/16
  5011 | D:6      | Reached skill level 5 in Spellcasting
  5310 | D:5      | Noticed Dowan
  5311 | D:5      | Noticed Duvessa
  5323 | D:5      | Killed Duvessa
  5325 | D:5      | Killed Dowan
  5455 | D:5      | Killed Edmund
  6088 | D:6      | Reached * piety under Vehumet
  6088 | D:6      | Offered knowledge of Foxfire by Vehumet.
  6279 | D:7      | Reached skill level 5 in Dodging
  6527 | D:7      | Reached skill level 5 in Transmutations
  6668 | D:7      | Reached XP level 10. HP: 48/50 MP: 19/19
  6671 | D:7      | Noticed Joseph
  6682 | D:7      | Killed Joseph
  6772 | D:7      | Found Tayrr's Jewellery Boutique.
  6893 | D:7      | Found a broken altar of Ashenzari.
  7060 | D:8      | Found a burning altar of Makhleb.
  7532 | D:8      | Found Misykk's Armour Boutique.
  7661 | D:8      | Found an iron altar of Okawaru.
  7766 | D:9      | Reached skill level 1 in Fighting
  7766 | D:9      | Reached skill level 1 in Conjurations
  7770 | D:9      | Offered knowledge of Momentum Strike by Vehumet.
  7898 | D:9      | Found a sacrificial altar of Ru.
  7899 | D:9      | Reached ** piety under Vehumet
  8331 | D:10     | Entered Level 10 of the Dungeon
  8504 | D:10     | Found a glowing silver altar of Zin.
  8504 | D:10     | Found a faded altar of an unknown god.
  8512 | D:10     | Found a bloodstained altar of Trog.
  8514 | D:10     | Found an opulent altar of Gozag.
  8516 | D:10     | Found an ornate altar of the Wu Jian Council.
  8840 | D:10     | Identified the +5 sling of Capital Punishment {flame, rF+
                  | Str-2 Int+3}
  8874 | D:10     | Reached XP level 11. HP: 60/60 MP: 21/22
  9084 | D:10     | Found a hazy altar of Hepliaklqana.
  9307 | D:10     | Reached skill level 10 in Earth Magic
  9344 | D:10     | Found a staircase to the Orcish Mines.
  9478 | D:11     | Offered knowledge of Ignite Poison by Vehumet.
  9487 | D:11     | Learned a level 3 spell: Ignite Poison
  9528 | D:11     | Reached *** piety under Vehumet
  9762 | D:11     | Noticed a two-headed ogre
  9908 | D:11     | Learned a level 4 spell: Petrify
  9948 | D:11     | Killed a two-headed ogre
  9949 | D:11     | Reached skill level 5 in Fighting
  9949 | D:11     | Reached skill level 5 in Conjurations
  9975 | D:11     | Reached skill level 1 in Fire Magic
 10012 | D:11     | Noticed a manticore
 10032 | D:11     | Killed a manticore
 10224 | D:11     | Found a staircase to the Lair.
 10239 | D:11     | Reached skill level 1 in Short Blades
 10361 | D:11     | Found Jezymeh's Weapon Boutique.
 10605 | D:11     | Offered knowledge of Iskenderun's Mystic Blast by Vehumet.
 10707 | D:11     | Learned a level 4 spell: Iskenderun's Mystic Blast
 11047 | Lair:1   | Entered Level 1 of the Lair of Beasts
 11058 | Lair:1   | Reached XP level 12. HP: 70/70 MP: 16/24
 11059 | Lair:1   | Reached skill level 1 in Translocations
 11211 | Lair:1   | Reached **** piety under Vehumet
 11250 | Lair:1   | Offered knowledge of Freezing Cloud by Vehumet.
 11548 | Lair:1   | Found a transporter.
 11595 | Lair:1   | Noticed a hell hog
 11687 | Lair:1   | Noticed Nergalle
 11716 | Lair:1   | Killed Nergalle
 11858 | Lair:1   | Found a one-way gate to the infinite horrors of the Abyss.
 11858 | Lair:1   | Noticed Gargoyl's ghost (journeyman GrBe)
 11880 | Lair:1   | Found a transporter.
 11911 | Lair:1   | Noticed Maggie
 11924 | Lair:1   | Killed Maggie
 12385 | Lair:2   | Learned a level 4 spell: Olgreb's Toxic Radiance
 12574 | Lair:2   | Noticed a boulder beetle
 12593 | Lair:2   | Killed a boulder beetle
 12649 | Lair:2   | Noticed a death yak
 12764 | Lair:2   | Noticed a death yak
 12929 | Lair:2   | Found an opulent altar of Gozag.
 13237 | Lair:3   | Found a hole to the Spider Nest.
 13255 | Lair:3   | Reached XP level 13. HP: 76/76 MP: 26/26
 13328 | Lair:3   | Found a staircase to the Swamp.
 13394 | Lair:3   | Reached ***** piety under Vehumet
 13447 | Lair:3   | Offered knowledge of Eringya's Noxious Bog by Vehumet.
 13455 | Lair:3   | Learned a level 6 spell: Eringya's Noxious Bog
 13598 | Lair:3   | Reached skill level 5 in Fire Magic
 13598 | Lair:3   | Reached skill level 1 in Evocations
 14107 | Lair:3   | Reached skill level 1 in Poison Magic
 14703 | Lair:4   | Noticed Snorg
 14717 | Lair:4   | Killed Snorg
 14893 | Lair:4   | Reached skill level 5 in Short Blades
 14902 | Lair:4   | HP: 1/78 [something (17)]
 14981 | Lair:4   | Identified the ring of Syduczior {Will+ MP+9}
 15312 | D:2      | Bought the amulet of Balance {Reflect rC- Str+2 Int+4 Dex+3
                  | SH+5} for 684 gold pieces
 15621 | Lair:4   | Found a staircase to the Slime Pits.
 15683 | Lair:4   | Identified a scroll of acquirement
 15686 | Lair:4   | Acquired a staff of poison
 15950 | Lair:4   | Gained mutation: Your large and strong wings let you fly.
                  | [Gargoyle growth]
 15950 | Lair:4   | Reached XP level 14. HP: 82/84 MP: 21/27
 16256 | Lair:4   | Reached skill level 5 in Translocations
 16323 | Lair:4   | Found a viscous altar of Jiyva.
 17139 | Lair:5   | Entered Level 5 of the Lair of Beasts
 17268 | Lair:5   | Found a frozen archway.
 17282 | Lair:5   | Reached skill level 10 in Spellcasting
 17296 | Lair:5   | Identified the +0 ring mail "Kathref" {Contam rPois Stlth+}
 17301 | IceCv    | Entered an ice cave
 17411 | IceCv    | Offered knowledge of Starburst by Vehumet.
 17704 | IceCv    | Noticed a frost giant
 17716 | IceCv    | Killed a frost giant
 18560 | Lair:5   | Reached skill level 1 in Shields
 18560 | Lair:5   | Reached skill level 5 in Poison Magic
 18679 | Lair:5   | Reached XP level 15. HP: 45/92 MP: 11/29
 18974 | Lair:5   | Reached skill level 5 in Evocations
 19202 | Lair:5   | Offered knowledge of Bombard by Vehumet.
 19249 | Lair:5   | Identified the +0 leather armour of the Cuttlefish {MP+9
                  | Str+2 Int+7}
 19268 | Lair:5   | Identified the +1 chain mail of Ulaul {Harm rPois rN++
                  | Dex-2}
 19296 | Lair:5   | Reached skill level 10 in Fighting
 19437 | Lair:5   | Learned a level 6 spell: Bombard
 20174 | Orc:1    | Entered Level 1 of the Orcish Mines
 20179 | Orc:1    | Reached skill level 10 in Conjurations
 20706 | Orc:1    | You are sucked into a shaft and drop 1 floor!
 20706 | Orc:2    | Entered Level 2 of the Orcish Mines
 21014 | Orc:2    | Noticed Sonja
 21024 | Orc:2    | Killed Sonja
 21323 | Orc:2    | Offered knowledge of Iskenderun's Battlesphere by Vehumet.
 21524 | Orc:2    | Found a staircase to the Elven Halls.
 21580 | Orc:2    | Found Ryaz Yne's Antique Weapon Shoppe.
 21588 | Orc:2    | Found Ulol's Antique Weapon Shop.
 21595 | Orc:2    | Found Siekh's Armour Shop.
 21597 | Orc:2    | Found Iwakh's Assorted Antiques.
 21606 | Orc:2    | Bought a potion of magic for 248 gold pieces
 22159 | Spider:1 | Entered Level 1 of the Spider Nest
 22613 | Spider:1 | Noticed Agnes
 22620 | Spider:1 | Killed Agnes
 22909 | Spider:1 | Reached skill level 5 in Shields
 22930 | Spider:1 | Reached XP level 16. HP: 99/99 MP: 24/31
 24331 | Spider:2 | Identified the +8 war axe "Ruzey" {venom, rCorr Dex+7
                  | Stlth+}
 24443 | Spider:1 | HP: 4/100 [something (11)]
 24825 | D:7      | Bought the ring "Begimodd" {rPois Int+5 Slay+3 SInv} for
                  | 868 gold pieces
 26402 | Spider:3 | Reached skill level 1 in Air Magic
 27171 | Spider:4 | Entered Level 4 of the Spider Nest
 27240 | Spider:4 | Noticed Arachne
 27249 | Spider:4 | Killed Arachne
 27390 | Spider:4 | Noticed Aizul
 27394 | Spider:4 | Reached ****** piety under Vehumet
 27397 | Spider:4 | Killed Aizul
 27595 | Spider:4 | Offered knowledge of Fireball by Vehumet.
 27713 | Spider:4 | Reached XP level 17. HP: 106/106 MP: 32/32
 29525 | Spider:4 | Got a gossamer rune of Zot
 29798 | Swamp:1  | Entered Level 1 of the Swamp
 30533 | Swamp:1  | Offered knowledge of Conjure Ball Lightning by Vehumet.
 30788 | Swamp:1  | Learned a level 6 spell: Plasma Beam
 32236 | Swamp:3  | Reached skill level 10 in Transmutations
 32236 | Swamp:3  | Reached XP level 18. HP: 113/113 MP: 11/34
 33088 | Swamp:3  | Offered knowledge of Orb of Destruction by Vehumet.
 33805 | Swamp:4  | Entered Level 4 of the Swamp
 35234 | Swamp:4  | Reached skill level 5 in Air Magic
 35841 | Swamp:4  | Offered knowledge of Lehudib's Crystal Spear by Vehumet.
 35841 | Swamp:4  | Offered knowledge of Fire Storm by Vehumet.
 35841 | Swamp:4  | Offered knowledge of Shatter by Vehumet.
 36221 | Swamp:4  | Found a blossoming altar of Fedhas.
 36315 | Swamp:4  | Got a decaying rune of Zot
 36334 | Swamp:4  | Found a basalt altar of Yredelemnul.
 37010 | D:2      | Bought a potion of heal wounds for 60 gold pieces
 37010 | D:2      | Bought a potion of curing for 36 gold pieces
 37010 | D:2      | Bought a potion of might for 48 gold pieces
 37010 | D:2      | Bought a potion of degeneration for 12 gold pieces
 37068 | D:2      | Bought a potion of heal wounds for 70 gold pieces
 37068 | D:2      | Bought a potion of curing for 42 gold pieces
 37136 | D:4      | Bought a potion of curing for 30 gold pieces
 37136 | D:4      | Bought a potion of curing for 30 gold pieces
 37136 | D:4      | Bought a potion of curing for 30 gold pieces
 37136 | D:4      | Bought 2 potions of curing for 60 gold pieces
 37136 | D:4      | Bought a potion of curing for 30 gold pieces
 37147 | D:4      | Learned a level 8 spell: Lehudib's Crystal Spear
 37441 | D:12     | Found a runed translucent gate.
 37441 | D:12     | Found a runed translucent gate.
 37442 | D:12     | Found a runed translucent gate.
 37442 | D:12     | Noticed Xebir's ghost (journeyman DgAE)
 38027 | D:12     | Found a viscous altar of Jiyva.
 38289 | D:13     | Reached XP level 19. HP: 120/120 MP: 36/36
 39036 | D:14     | Found a gate to the Vaults.
 39658 | D:14     | Found a sparkling altar of Nemelex Xobeh.
 39869 | D:14     | Found Zacvak's Weapon Shop.
 39945 | D:15     | Entered Level 15 of the Dungeon
 40077 | D:15     | Reached skill level 1 in Summonings
 40456 | D:15     | Found a staircase to the Depths.
 40616 | D:15     | Reached skill level 10 in Evocations
 41251 | Elf:1    | Entered Level 1 of the Elven Halls
 41251 | Elf:1    | Found a runed translucent gate.
 41251 | Elf:1    | Found a runed translucent gate.
 41251 | Elf:1    | Found a runed translucent gate.
 41251 | Elf:1    | Found a runed translucent gate.
 41251 | Elf:1    | Found a runed translucent gate.
 41251 | Elf:1    | Found a runed translucent gate.
 41256 | Elf:1    | Found a runed translucent door.
 41261 | Elf:1    | Reached skill level 15 in Earth Magic
 41360 | Elf:1    | Found a runed translucent door.
 43893 | Elf:2    | Found Jyimyse's Armour Boutique.
 44337 | Elf:2    | Noticed Donald
 44341 | Elf:2    | Killed Donald
 44350 | Elf:2    | Reached XP level 20. HP: 101/128 MP: 1/37
 44534 | Elf:2    | Found a runed translucent gate.
 44535 | Elf:2    | Found a runed translucent gate.
 44535 | Elf:2    | Found a runed translucent gate.
 44637 | Elf:3    | Entered Level 3 of the Elven Halls
 44638 | Elf:3    | Noticed Zenata
 44799 | Elf:3    | Killed Zenata
 45516 | Elf:3    | Found Jaezush's Weapon Shoppe.
 45524 | Elf:3    | Reached skill level 15 in Fighting
 45525 | Elf:3    | Noticed Norris
 45536 | Elf:3    | Killed Norris
 45659 | Elf:3    | Found Jejoth's Antique Armour Shoppe.
 45663 | Elf:3    | Bought a faintly humming helmet for 266 gold pieces
 45663 | Elf:3    | Identified the +0 helmet "Pymaqaol" {rF+} (You bought it in
                  | a shop on level 3 of the Elven Halls)
 45884 | Elf:3    | Reached skill level 5 in Summonings
 46130 | Elf:3    | Reached skill level 15 in Conjurations
 46592 | Elf:3    | Identified the +1 robe of Sanuvo Ufit {rN+ Str-4 Int+3
                  | Stlth+}
 46592 | Elf:3    | Identified the ring "Topyr" {rCorr Str+4 SInv}
 47483 | Elf:3    | Identified the amulet of Otoomn {Regen+ Str+3}
 47531 | Elf:3    | Identified the +1 robe of the Evening {Slay+3}
 47573 | Elf:3    | Found the +3 greatsling "Punk" {acid, rCorr}
 47583 | Elf:3    | Got a strange book
 47584 | Elf:3    | Identified the staff "Soblor" {rF+ rN+ Str-5 Conj Fire Ice}
 47887 | Vaults:1 | Entered Level 1 of the Vaults
 47931 | Vaults:1 | Identified the +3 triple sword "Roebur" {antimagic, rPois}
 47933 | Vaults:1 | Paralysed by a great orb of eyes for 2 turns
 48609 | Vaults:1 | Identified the +0 scale mail "Hiqed" {Stlth+}
 48898 | Vaults:1 | Reached XP level 21. HP: 136/136 MP: 39/39
 49311 | Vaults:1 | Reached skill level 15 in Spellcasting
 49852 | Vaults:2 | Identified the +1 hat of Conscience {Harm rElec}
 49853 | Vaults:2 | Identified the +2 robe of the Loofah {+Blink rF+ Dex+2
                  | Stlth+}
 49862 | Vaults:2 | Found a radiant altar of Vehumet.
 49887 | Vaults:2 | Identified the +2 hat of Dawn {rC- Str+3 Dex+3}
 49888 | Vaults:2 | Identified the +1 hat of Qazlal's Grace {*Corrode rC+ Int+4
                  | SInv}
 50429 | Vaults:2 | Found Oxkayc's Distillery.
 50436 | Vaults:2 | Bought a potion of resistance for 160 gold pieces
 50436 | Vaults:2 | Bought a potion of heal wounds for 80 gold pieces
 52224 | Vaults:3 | Found a staircase to the Crypt.
 52224 | Vaults:3 | Found an ancient bone altar of Kikubaaqudgha.
 52225 | Vaults:3 | Found a basalt altar of Yredelemnul.
 52586 | Vaults:3 | Found the +3 Mad Mage's Maulers {Infuse+∞ VampMP -Cast}
 52887 | Vaults:3 | Identified the +11 flail of Liemeiqoh {spect, *Noise rC+++}
 53621 | Vaults:3 | Identified the +0 scale mail "Rirchoyrph" {Fly rPois Will+
                  | Stlth-}
 53943 | Vaults:4 | Reached XP level 22. HP: 138/145 MP: 41/41
 54394 | Vaults:4 | Found Baucoxuur's Antique Weapon Shoppe.
 55880 | Depths:1 | Entered Level 1 of the Depths
 56446 | Depths:1 | Noticed a juggernaut
 56540 | Depths:1 | Found a gateway to Hell.
 56763 | Depths:1 | Identified the +5 longbow of Eternity {heavy, Int+2}
 57573 | D:7      | Bought the ring "Nyorasi" {rC++ rCorr EV+5 Str+3} for 1158
                  | gold pieces
 57573 | D:7      | Bought the ring of the Gloaming {AC+4 Int+3 Slay+5} for
                  | 1124 gold pieces
 58127 | Depths:2 | Learned a level 9 spell: Shatter
 58639 | Depths:2 | Found a large runed translucent door.
 58639 | Depths:2 | Found a large runed translucent door.
 59081 | Depths:2 | Found a one-way gate leading to the halls of Pandemonium.
 59569 | Depths:3 | Noticed a caustic shrike
 59569 | Depths:3 | Noticed a caustic shrike
 59570 | Depths:3 | Noticed a caustic shrike
 59572 | Depths:3 | Noticed a caustic shrike
 59579 | Depths:3 | Killed a caustic shrike
 59580 | Depths:3 | Reached XP level 23. HP: 122/152 MP: 21/43
 59674 | Depths:3 | Noticed the Enchantress
 59675 | Depths:3 | Noticed a juggernaut
 59900 | Depths:3 | Killed a caustic shrike
 59903 | Depths:3 | Killed a caustic shrike
 59904 | Depths:3 | Killed a caustic shrike
 60135 | Depths:3 | Killed the Enchantress
 60292 | Depths:3 | Killed a juggernaut
 60686 | Depths:3 | Noticed a golden dragon
 61473 | Depths:3 | Reached skill level 10 in Fire Magic
 62299 | Depths:3 | Found Mutickenn's Demolitions Depot.
 62485 | Depths:3 | Killed a golden dragon
 62790 | Depths:4 | Entered Level 4 of the Depths
 63271 | Depths:4 | Reached XP level 24. HP: 134/159 MP: 29/44
 63876 | Depths:4 | Found a gate to the Realm of Zot.
 64032 | Depths:4 | Found a one-way gateway to a ziggurat.
 64343 | Depths:4 | Learned a level 8 spell: Ignition
 64672 | Slime:1  | Entered Level 1 of the Pits of Slime
 64888 | Slime:1  | Reached skill level 1 in Armour
 64946 | Slime:1  | Gained mutation: You are clumsy. (Dex -2) [a shining eye]
 66661 | Slime:5  | Entered Level 5 of the Pits of Slime
 66669 | Slime:5  | Found the amulet of the Air {Inacc Air Fly rElec RMsl}
 67881 | Slime:5  | Identified the +5 rapier of the Hierophant {distort, rC+
                  | rCorr Int+4 Dex+6}
 67908 | Slime:5  | Identified the ring of Qiwuvij {rCorr Str+2 Dex+2}
 67918 | Slime:5  | Learned a level 7 spell: Spellforged Servitor
 67919 | Slime:5  | Identified the +5 scimitar "Qapp" {freeze, rF+ Int+3}
 67920 | Slime:5  | Identified the staff of Vodka {Str-3 Int+3 Dex+4 Air Earth}
 68032 | Slime:5  | Gained mutation: You are frail. (-10% HP) [a shining eye]
 68034 | Slime:5  | Gained mutation: You are vulnerable to heat. (rF-) [a
                  | shining eye]
 68167 | Slime:4  | Lost mutation: You are clumsy. (Dex -2) [potion of
                  | mutation]
 68167 | Slime:4  | Lost mutation: You are frail. (-10% HP) [potion of
                  | mutation]
 68167 | Slime:4  | Gained mutation: You are partially covered in large bone
                  | plates. (SH +4) [potion of mutation]
 68167 | Slime:4  | Gained mutation: You are dopey. (Int -2) [potion of
                  | mutation]
 68168 | Slime:4  | Lost mutation: You are dopey. (Int -2) [potion of mutation]
 68168 | Slime:4  | Lost mutation: You are vulnerable to heat. (rF-) [potion of
                  | mutation]
 68168 | Slime:4  | Gained mutation: You have a pair of small antennae on your
                  | head. [potion of mutation]
 68168 | Slime:4  | Gained mutation: Your body sometimes deteriorates upon
                  | taking damage. [potion of mutation]
 68168 | Slime:4  | Gained mutation: You are strong-willed. (Will+) [potion of
                  | mutation]
 68223 | Slime:5  | Noticed the Royal Jelly
 68228 | Slime:5  | Killed the Royal Jelly
 68578 | Slime:5  | Identified the ring "Zocso" {Ice Contam Int+3 Dex+3}
 68580 | Slime:5  | Got a slimy rune of Zot
 68582 | Slime:5  | Got a decrepit book
 68583 | Slime:5  | Identified the +0 pair of boots "Zounkept" {Will++ Dex+3}
 68601 | Slime:5  | Identified the +4 plate armour "Raymumm" {+Inv Will+}
 68635 | Slime:5  | Identified the +5 chain mail "Zano Cud" {Rampage Int+9
                  | Dex-5 Slay-6}
 68933 | Slime:5  | Learned a level 5 spell: Yara's Violent Unravelling
 69321 | Zot:1    | Entered Level 1 of the Realm of Zot
 69851 | Zot:1    | Noticed an orb of fire
 69855 | Zot:1    | Killed an orb of fire
 71452 | Zot:1    | Reached XP level 25. HP: 168/168 MP: 30/44
 71883 | Zot:2    | Found a bloodstained altar of Trog.
 71925 | Zot:2    | Reached skill level 5 in Armour
 72154 | Zot:2    | Reached skill level 10 in Stealth
 73952 | Zot:3    | Noticed a Killer Klown
 73955 | Zot:3    | Killed a Killer Klown
 74350 | Zot:3    | Noticed Hyollov's ghost (legendary FoHu)
 74352 | Zot:3    | Found a transporter.
 74628 | Zot:3    | Found a transporter.
 74838 | Zot:3    | Found Xyif's CLEARANCE SALE!.
 76131 | Zot:4    | Noticed a Killer Klown
 76134 | Zot:4    | Killed a Killer Klown
 76571 | Zot:4    | Reached XP level 26. HP: 175/175 MP: 36/45
 76781 | Zot:4    | Noticed an orb of fire
 76786 | Zot:4    | Killed an orb of fire
 77479 | Zot:5    | Entered Level 5 of the Realm of Zot
 77941 | Zot:5    | Noticed an orb of fire
 77943 | Zot:5    | Gained mutation: You occasionally lose the ability to drink
                  | potions when taking damage. [an orb of fire]
 77944 | Zot:5    | Killed an orb of fire
 77955 | Zot:5    | Reached skill level 1 in Staves
 77956 | Zot:5    | Noticed a dread lich
 77957 | Zot:5    | Noticed a Killer Klown
 77958 | Zot:5    | Noticed a dread lich
 78181 | Zot:5    | Noticed an orb of fire
 78187 | Zot:5    | Killed an orb of fire
 78188 | Zot:5    | Noticed an orb of fire
 78188 | Zot:5    | Gained mutation: You are frail. (-10% HP) [an orb of fire]
 78190 | Zot:5    | Gained mutation: You occasionally lose the ability to read
                  | scrolls when taking damage. [an orb of fire]
 78192 | Zot:5    | Killed an orb of fire
 78203 | Zot:5    | Killed a Killer Klown
 78203 | Zot:5    | Noticed a dread lich
 78417 | Zot:5    | Killed a dread lich
 78422 | Zot:5    | Killed a dread lich
 78423 | Zot:5    | Noticed an ancient lich
 78428 | Zot:5    | Killed an ancient lich
 78428 | Zot:5    | Noticed an ancient lich
 78431 | Zot:5    | Killed an ancient lich
 78432 | Zot:5    | Reached skill level 10 in Shields
 78432 | Zot:5    | Noticed a dread lich
 78434 | Zot:5    | Killed a dread lich
 78665 | Zot:5    | Noticed an ancient lich
 78667 | Zot:5    | Killed an ancient lich
 78687 | Zot:5    | Learned a level 9 spell: Fire Storm
 78720 | Zot:5    | Killed a dread lich
 78871 | Zot:5    | Noticed a Killer Klown
 78878 | Zot:5    | Killed a Killer Klown
 78885 | Zot:5    | Noticed a Killer Klown
 78887 | Zot:5    | Killed a Killer Klown
 78892 | Zot:5    | Noticed a dread lich
 79086 | Zot:5    | Killed a dread lich
 79421 | Zot:5    | Noticed a dread lich
 79425 | Zot:5    | Killed a dread lich
 80607 | Vaults:5 | Entered Level 5 of the Vaults
 80610 | Vaults:5 | Reached XP level 27. HP: 160/163 MP: 46/46
 80615 | Vaults:5 | Reached skill level 5 in Staves
 80620 | Vaults:5 | Identified the ring "Ennibad" {rN+ Str+6}
 80620 | Vaults:5 | Identified the ring "Zeenah" {rElec rF- Str+4 SInv}
 80741 | Vaults:5 | Noticed Bai Suzhen
 80742 | Vaults:5 | Noticed an ancient lich
 80874 | Vaults:5 | Gained mutation: You sometimes lose your temper in combat.
                  | [a shining eye]
 80906 | Vaults:5 | Reached skill level 10 in Armour
 81072 | Vaults:5 | Identified the +0 plate armour of Dawn {rF+ Int+2}
 81217 | Vaults:5 | Killed an ancient lich
 81796 | Vaults:5 | Identified the +7 trident of Dawn {elec, Str+5}
 82526 | Vaults:5 | Got a weird book
 82965 | Vaults:5 | Got a silver rune of Zot
 82997 | Vaults:5 | Killed Bai Suzhen
 83036 | Vaults:5 | Identified the +2 chain mail of Regaesh {rElec rC++ MP+9
                  | Str-5}
 83299 | Vaults:5 | Identified the ring "Efyfire" {rElec rCorr Str+2}
 83871 | Depths:2 | Voluntarily entered the Abyss.
 83871 | Abyss:1  | Found a corrupted altar of Lugonu.
 83899 | Abyss:1  | Found a corrupted altar of Lugonu.
 84105 | Abyss:1  | Found a corrupted altar of Lugonu.
 84182 | Abyss:1  | Found a corrupted altar of Lugonu.
 84445 | Abyss:3  | Lost mutation: You are strong-willed. (Will+) [potion of
                  | mutation]
 84445 | Abyss:3  | Lost mutation: You are partially covered in large bone
                  | plates. (SH +4) [potion of mutation]
 84445 | Abyss:3  | Lost mutation: You sometimes lose your temper in combat.
                  | [potion of mutation]
 84445 | Abyss:3  | Gained mutation: You are agile. (Dex +4, Str/Int -1)
                  | [potion of mutation]
 84446 | Abyss:3  | Lost mutation: Your body sometimes deteriorates upon taking
                  | damage. [potion of mutation]
 84446 | Abyss:3  | Lost mutation: You are frail. (-10% HP) [potion of
                  | mutation]
 84446 | Abyss:3  | Gained mutation: You are vulnerable to cold. (rC-) [potion
                  | of mutation]
 84447 | Abyss:3  | Lost mutation: You sometimes lose the ability to read
                  | scrolls when taking damage. [potion of mutation]
 84447 | Abyss:3  | Lost mutation: You occasionally lose the ability to drink
                  | potions when taking damage. [potion of mutation]
 84447 | Abyss:3  | Lost mutation: You are vulnerable to cold. (rC-) [potion of
                  | mutation]
 84447 | Abyss:3  | Gained mutation: Your mind is acute. (Int +4, Str/Dex -1)
                  | [potion of mutation]
 84447 | Abyss:3  | Gained mutation: You are frail. (-10% HP) [potion of
                  | mutation]
 84447 | Abyss:3  | Gained mutation: You have supernaturally acute eyesight.
                  | (SInv) [potion of mutation]
 84693 | Abyss:3  | Found a corrupted altar of Lugonu.
 84794 | Abyss:3  | Found a corrupted altar of Lugonu.
 84877 | Abyss:3  | Got an abyssal rune of Zot
 84898 | Depths:2 | Escaped the Abyss
 85280 | Depths:2 | Noticed a royal mummy
 85288 | Depths:2 | Killed a royal mummy
 85290 | Depths:2 | Identified the ring of Xagroju {rC+ Str-3 Int+3 Stlth+}
 85583 | Depths:2 | Reached skill level 1 in Necromancy
 85790 | Depths:2 | Reached skill level 15 in Fire Magic
 86070 | D:12     | Killed Xebir's ghost
 87237 | Lair:1   | Killed Gargoyl's ghost
 87810 | Zot:3    | Killed Hyollov's ghost
 88237 | Depths:1 | Reached skill level 10 in Staves
 88239 | Depths:1 | Killed a juggernaut
 88656 | Crypt:1  | Entered Level 1 of the Crypt
 89505 | Crypt:1  | Identified the +0 scale mail of Repulsion {rF- Int+3 Dex+4}
 91375 | Crypt:2  | Learned a level 5 spell: Borgnjor's Vile Clutch
 91406 | Crypt:3  | Entered Level 3 of the Crypt
 91419 | Crypt:3  | Noticed Mennas
 91422 | Crypt:3  | Killed Mennas
 91674 | Crypt:3  | Found a runed translucent door.
 91675 | Crypt:3  | Found a shimmering altar of Xom.
 91677 | Crypt:3  | Found a staircase to the Tomb.
 91677 | Crypt:3  | Noticed Divoc's ghost (veteran GrFi)
 93005 | Crypt:3  | Noticed Khufu
 93006 | Crypt:3  | Noticed a royal mummy
 93006 | Crypt:3  | Noticed a royal mummy
 93008 | Crypt:3  | Killed a royal mummy
 93009 | Crypt:3  | Killed a royal mummy
 93012 | Crypt:3  | Killed Khufu
 93491 | Crypt:3  | Reached skill level 5 in Necromancy
 93804 | Crypt:3  | Noticed a dread lich
 93804 | Crypt:3  | Killed a dread lich
 94243 | Crypt:3  | Killed Divoc's ghost
 94658 | Pan      | Entered Pandemonium
 95609 | Pan      | Noticed Zeuhir the pandemonium lord
 95612 | Pan      | Killed Zeuhir the pandemonium lord
 96285 | Pan      | Noticed Ignacio
 96295 | Pan      | Killed Ignacio
 97502 | Pan      | Noticed Ziaman the pandemonium lord
 97741 | Pan      | Found an exit through the horrors of the Abyss.
 98350 | Pan      | Acquired the +0 buckler of Unoj {+Blink}
 99081 | Pan      | Noticed Ruel the pandemonium lord
 99085 | Pan      | Killed Ruel the pandemonium lord
 99343 | Pan      | Identified the +1 great mace of Ymawamuwk {freeze, Contam
                  | rPois rC+++ Dex-5}
100129 | Pan      | Gained mutation: You sometimes lose your temper in combat.
                  | [a neqoxec]
100486 | Pan      | Entered the realm of Lom Lobon.
102102 | Pan      | Noticed Lom Lobon
102426 | Pan      | Killed Lom Lobon
102427 | Pan      | Reached skill level 27 in Earth Magic
103165 | Pan      | Got a magical rune of Zot
103311 | Pan      | Noticed Utyemepi the pandemonium lord
103524 | Pan      | Identified the ring "Viopsog" {Ice *Corrode Will+++ Str+5
                  | Slay-4}
103604 | Pan      | Gained mutation: You have hidden genetic defects. [a
                  | neqoxec]
103766 | Pan      | Noticed Foaloti the pandemonium lord
103981 | Pan      | Killed Foaloti the pandemonium lord
104444 | Pan      | Gained mutation: You are vulnerable to cold. (rC-) [hidden
                  | defects]
104445 | Pan      | Lost mutation: You sometimes lose your temper in combat.
                  | [potion of mutation]
104445 | Pan      | Lost mutation: You are agile. (Dex +4, Str/Int -1) [potion
                  | of mutation]
104445 | Pan      | Lost mutation: Your mind is acute. (Int +4, Str/Dex -1)
                  | [potion of mutation]
104445 | Pan      | Lost mutation: You have hidden genetic defects. [potion of
                  | mutation]
104445 | Pan      | Gained mutation: You are somewhat resistant to further
                  | mutation. [potion of mutation]
104445 | Pan      | Gained mutation: You are agile. (Dex +4, Str/Int -1)
                  | [potion of mutation]
104618 | Pan      | Reached skill level 10 in Dodging
105429 | Pan      | Found a runed translucent door.
105459 | Pan      | Got a demonic rune of Zot
105858 | Pan      | Learned a level 6 spell: Dispersal
105887 | Pan      | Noticed Fiuczim the pandemonium lord
105890 | Pan      | Killed Fiuczim the pandemonium lord
105895 | Depths:2 | Escaped Pandemonium
106099 | Pan      | Entered Pandemonium
106099 | Pan      | Found an exit through the horrors of the Abyss.
106549 | Pan      | Reached skill level 10 in Summonings
107570 | Pan      | Reached skill level 10 in Necromancy
107926 | Pan      | Noticed Rorutam the pandemonium lord
107932 | Pan      | Killed Rorutam the pandemonium lord
108972 | Pan      | Noticed Bimoamm the pandemonium lord
108979 | Pan      | Killed Bimoamm the pandemonium lord
109117 | Pan      | Found an exit through the horrors of the Abyss.
109297 | Pan      | Entered the realm of Mnoleg.
109623 | Pan      | Gained mutation: You sometimes lose your temper in combat.
                  | [a neqoxec]
109904 | Pan      | Gained mutation: You are weak. (Str -2) [a cacodemon]
110145 | Pan      | Noticed Mnoleg
110155 | Pan      | Killed Mnoleg
110258 | Pan      | Got a glowing rune of Zot
110784 | Pan      | Entered the realm of Cerebov.
111569 | Pan      | Identified the +4 trident "Xeupn" {drain, rElec Int+4}
111569 | Pan      | Identified the +1 robe of the Buccaneer {Dex+5}
111904 | Pan      | Found the +6 sword of Cerebov {flame}
111904 | Pan      | Noticed Cerebov
111927 | Pan      | Got a fiery rune of Zot
111936 | Pan      | Got a moldy book
111938 | Pan      | Got a sooty book
111949 | Pan      | Identified the staff "Yfailem" {+Blink rElec rPois rC+ Ice}
111991 | Pan      | Identified the +3 dagger of Indignation {holy, rElec rPois
                  | SInv}
112207 | Pan      | Noticed Ashroej the pandemonium lord
112217 | Pan      | Killed Ashroej the pandemonium lord
112382 | Pan      | Entered the realm of Gloorx Vloq.
112382 | Pan      | Found an exit through the horrors of the Abyss.
112409 | Pan      | Lost mutation: You are agile. (Dex +4, Str/Int -1) [potion
                  | of mutation]
112409 | Pan      | Lost mutation: You are frail. (-10% HP) [potion of
                  | mutation]
112409 | Pan      | Lost mutation: You are somewhat resistant to further
                  | mutation. [potion of mutation]
112409 | Pan      | Gained mutation: You occasionally lose the ability to drink
                  | potions when taking damage. [potion of mutation]
112409 | Pan      | Gained mutation: Your mind is acute. (Int +4, Str/Dex -1)
                  | [potion of mutation]
112409 | Pan      | Gained mutation: You are strong-willed. (Will+) [potion of
                  | mutation]
112410 | Pan      | Lost mutation: You occasionally lose the ability to drink
                  | potions when taking damage. [potion of mutation]
112410 | Pan      | Lost mutation: You sometimes lose your temper in combat.
                  | [potion of mutation]
112410 | Pan      | Lost mutation: You are vulnerable to cold. (rC-) [potion of
                  | mutation]
112410 | Pan      | Gained mutation: You expend magic power (3 MP) to
                  | strengthen your wands. [potion of mutation]
112856 | Pan      | Noticed Gloorx Vloq
112866 | Pan      | Reached skill level 10 in Translocations
113088 | Pan      | Learned a level 4 spell: Passage of Golubria
113282 | Pan      | Killed Gloorx Vloq
113291 | Pan      | Got a dark rune of Zot
114229 | Pan      | Identified the ring of Irugitak {rPois Will+++ Dex+5
                  | Stlth-}
115328 | Pan      | Found an exit through the horrors of the Abyss.
115915 | Pan      | Noticed Toes the pandemonium lord
115921 | Pan      | Killed Toes the pandemonium lord
116217 | Pan      | Found an exit through the horrors of the Abyss.
116495 | Pan      | Gained mutation: Your spells are a little easier to cast,
                  | but a little less powerful. [a neqoxec]
116796 | Pan      | Noticed Qaitwed the pandemonium lord
117427 | Pan      | Reached skill level 27 in Fighting
117918 | Pan      | Found the +6 sword of Cerebov {flame}
117918 | Pan      | Noticed Cerebov
117945 | Pan      | Found the +6 sword of Cerebov {flame}
117945 | Pan      | Noticed Cerebov
118177 | Pan      | Got a faded book
118896 | Pan      | Identified the +11 plate armour of Broken Taboos {Str-3
                  | Dex+4}
120070 | Pan      | Found a white marble altar of Elyvilon.
121847 | Pan      | Identified the +3 tower shield of Qaaxa {Regen+ Dex+3
                  | Stlth-}
122264 | Pan      | Reached skill level 15 in Dodging
122697 | Pan      | Found a glowing silver altar of Zin.
123185 | Pan      | Identified the ring of Pessimism {Ice Slay+3}
123296 | Pan      | Identified the +9 war axe "Kerphuti" {flame, Dex+3} (You
                  | took it off a cherub in Pandemonium)
123297 | Pan      | Noticed a seraph
123300 | Pan      | Killed a seraph
123329 | Pan      | Found a glowing golden altar of the Shining One.
123359 | Pan      | Identified the staff of Tomorrow {rF+ Int+3 Fire}
123373 | Pan      | Identified the +0 robe of Vanity {Will+ Str+5}
123426 | Pan      | Identified the +0 orcbow of Yqeastri {heavy, Stlth+}
125160 | Depths:2 | Escaped Pandemonium
125274 | Hell     | Entered the Vestibule of Hell
125274 | Hell     | Noticed Geryon
125274 | Hell     | Noticed Murray
125280 | Hell     | Killed Geryon
125283 | Hell     | Killed Murray
125673 | Hell     | Found a gateway to the decaying netherworld of Tartarus.
126240 | Hell     | Found a gateway to the ashen valley of Gehenna.
126302 | Hell     | Found a gateway to the Iron City of Dis.
126386 | Hell     | Found a gateway to the freezing wastes of Cocytus.
126728 | Geh:1    | Entered Level 1 of Gehenna
128425 | Geh:4    | Reached skill level 15 in Summonings
128977 | Geh:5    | Reached skill level 15 in Shields
129727 | Geh:7    | Entered Level 7 of Gehenna
130844 | Geh:7    | Identified the +10 quarterstaff "Udeew" {freeze, Str+5
                  | Stlth-}
130941 | Geh:7    | Identified the +8 dagger of Dishonour {flame, Str+2}
131773 | Geh:7    | Found the +13 sceptre of Asmodeus
131773 | Geh:7    | Noticed Asmodeus
132009 | Geh:7    | Killed Asmodeus
132025 | Geh:7    | Found the +18 shield of the Gong {Loud rN+ Will+ rCorr
                  | EV-5}
132036 | Geh:7    | Identified the ring of False Pretenses {rElec rF+ Will-
                  | Str+6}
132040 | Geh:7    | Identified the +4 orcbow "Dant" {heavy, rN+}
132041 | Geh:7    | Identified the +3 quarterstaff "Tormentor" {freeze, rPois
                  | Int-4 Dex+3}
132042 | Geh:7    | Identified the +3 chain mail "Kititteeq" {rElec Slay+5
                  | Stlth+}
132049 | Geh:7    | Found the +8 arc blade {discharge, rElec}
132140 | Geh:7    | Got an obsidian rune of Zot
132147 | Geh:7    | Identified the +0 helmet of Ris Gepy {Dex+2}
132494 | Hell     | Learned a level 4 spell: Animate Armour
132504 | Hell     | Learned a level 9 spell: Dragon's Call
132700 | Dis:1    | Entered Level 1 of the Iron City of Dis
132988 | Dis:1    | Learned a level 5 spell: Lee's Rapid Deconstruction
133159 | Dis:2    | You are sucked into a shaft and drop 1 floor!
133999 | Depths:2 | Voluntarily entered the Abyss.
133999 | Abyss:3  | Found a corrupted altar of Lugonu.
134336 | Abyss:3  | Gained mutation: You occasionally lose the ability to read
                  | scrolls when taking damage. [a neqoxec]
134338 | Abyss:3  | Gained mutation: You have hidden genetic defects. [a
                  | neqoxec]
134343 | Abyss:3  | Lost mutation: You expend magic power (3 MP) to strengthen
                  | your wands. [potion of mutation]
134343 | Abyss:3  | Lost mutation: You have supernaturally acute eyesight.
                  | (SInv) [potion of mutation]
134343 | Abyss:3  | Lost mutation: You are strong-willed. (Will+) [potion of
                  | mutation]
134343 | Abyss:3  | Gained mutation: Potions are less effective at restoring
                  | your health. [potion of mutation]
134343 | Abyss:3  | Gained mutation: You have sharp toenails. [potion of
                  | mutation]
134344 | Abyss:3  | Lost mutation: You have hidden genetic defects. [potion of
                  | mutation]
134344 | Abyss:3  | Lost mutation: You occasionally lose the ability to read
                  | scrolls when taking damage. [potion of mutation]
134344 | Abyss:3  | Lost mutation: You are weak. (Str -2) [potion of mutation]
134344 | Abyss:3  | Lost mutation: Your spells are a little easier to cast, but
                  | a little less powerful. [potion of mutation]
134483 | Abyss:3  | Noticed a dread lich
134490 | Abyss:3  | Killed a dread lich
134603 | Depths:2 | Escaped the Abyss
135534 | Dis:4    | HP: 2/187 [Hell Sentinel/damnation (41)]
135543 | Dis:4    | Reached skill level 27 in Spellcasting
137629 | Dis:7    | Entered Level 7 of the Iron City of Dis
138629 | Dis:7    | Found the +7 great mace "Firestarter" {flame, immolate,
                  | rFlCloud rF++}
138915 | Dis:7    | Noticed a juggernaut
139203 | Dis:7    | Noticed a juggernaut
139211 | Dis:7    | Killed a juggernaut
139515 | Dis:7    | Reached skill level 15 in Necromancy
139937 | Dis:7    | Noticed a juggernaut
139941 | Dis:7    | Killed a juggernaut
140101 | Dis:7    | Killed a juggernaut
141175 | Dis:7    | Noticed Dispater
141313 | Dis:7    | Killed Dispater
141387 | Dis:7    | Got an iron rune of Zot
141518 | Tar:1    | Entered Level 1 of Tartarus
145647 | Tar:7    | Entered Level 7 of Tartarus
145929 | Tar:7    | Noticed an ancient lich
145936 | Tar:7    | Killed an ancient lich
145943 | Tar:7    | Noticed an ancient lich
145962 | Tar:7    | Killed an ancient lich
145982 | Tar:7    | Noticed Ereshkigal
146370 | Tar:7    | Identified the +5 glaive of Okawaru's Delight {freeze,
                  | *Slow Will+ Int+5 SInv}
146371 | Tar:7    | Identified the +2 rapier "Ogrebane" {freeze, rPois}
146389 | Tar:7    | Noticed an ancient lich
146390 | Tar:7    | Noticed an ancient lich
146391 | Tar:7    | Found the +8 demon blade "Leech" {evervamp, Harm Drain rN+}
146393 | Tar:7    | Killed an ancient lich
146395 | Tar:7    | Killed an ancient lich
146400 | Tar:7    | Identified the +2 leather armour of Roum Hup {rPois Str+2}
146404 | Tar:7    | Got a clothbound book
146736 | Tar:7    | Identified the +4 falchion of Toiclou {venom, MP+9 Int+3}
146740 | Tar:7    | Identified the +6 great sword "Cacal" {freeze, Str+3 Int+2}
147283 | Tar:7    | Paralysed by Ereshkigal for 2 turns
147313 | Tar:7    | Killed Ereshkigal
148436 | Tar:7    | Got a bone rune of Zot
148793 | Tar:7    | Identified the staff of Dried Tears {rPois Earth}
148959 | Coc:1    | Entered Level 1 of Cocytus
149609 | Coc:3    | Paralysed by a wendigo for 1 turns
149611 | Coc:3    | Paralysed by a wendigo for 1 turns
150298 | Coc:5    | Paralysed by a wendigo for 1 turns
150891 | Coc:7    | Entered Level 7 of Cocytus
152599 | Coc:7    | Noticed Antaeus
152920 | Coc:7    | Killed Antaeus
153101 | Coc:7    | Got an icy rune of Zot
153162 | Coc:7    | Identified the +11 flail "Kitoc" {spect, Str+4}
153216 | Coc:7    | Identified the orb "Woohob" {*channel, rPois rC+ Str+2
                  | Int-3}
153283 | Coc:7    | Upgraded the game from 0.31-a0-844-gdc52ec4e09 to
                  | 0.31-a0-845-g9abc20d24f
153293 | Coc:7    | Learned a level 9 spell: Death's Door
153695 | Tomb:1   | Entered Level 1 of the Tomb of the Ancients
154456 | Vaults:2 | Bought a potion of lignification for 48 gold pieces
154456 | Vaults:2 | Bought a potion of curing for 48 gold pieces
154456 | Vaults:2 | Bought a potion of attraction for 48 gold pieces
154456 | Vaults:2 | Bought a potion of ambrosia for 128 gold pieces
154456 | Vaults:2 | Bought 2 potions of ambrosia for 256 gold pieces
154456 | Vaults:2 | Bought a potion of cancellation for 128 gold pieces
155379 | Tomb:1   | Noticed a royal mummy
155382 | Tomb:1   | Killed a royal mummy
155462 | Tomb:1   | Noticed a royal mummy
155496 | Tomb:1   | Killed a royal mummy
155831 | Tomb:1   | Noticed a royal mummy
155841 | Tomb:1   | Killed a royal mummy
156009 | Tomb:1   | Reached skill level 15 in Armour
156368 | Tomb:2   | Noticed a royal mummy
156369 | Tomb:2   | Noticed a royal mummy
156377 | Tomb:2   | Killed a royal mummy
156382 | Tomb:2   | Noticed a royal mummy
156383 | Tomb:2   | Killed a royal mummy
156385 | Tomb:2   | Noticed a royal mummy
156387 | Tomb:2   | Killed a royal mummy
156387 | Tomb:2   | Killed a royal mummy
157373 | Tomb:1   | Noticed a royal mummy
157374 | Tomb:1   | Noticed a royal mummy
157381 | Tomb:1   | Killed a royal mummy
157383 | Tomb:1   | Killed a royal mummy
157383 | Tomb:1   | Noticed a royal mummy
157390 | Tomb:1   | Noticed a royal mummy
157392 | Tomb:1   | Killed a royal mummy
157401 | Tomb:1   | Killed a royal mummy
157403 | Tomb:1   | Noticed a royal mummy
157412 | Tomb:1   | Killed a royal mummy
157493 | Tomb:1   | Noticed a royal mummy
157502 | Tomb:1   | Killed a royal mummy
157532 | Tomb:1   | Noticed a royal mummy
157540 | Tomb:1   | Killed a royal mummy
157540 | Tomb:1   | Noticed a royal mummy
157545 | Tomb:1   | Noticed a royal mummy
157814 | Tomb:1   | Killed a royal mummy
157817 | Tomb:1   | Killed a royal mummy
157959 | Tomb:1   | Noticed a royal mummy
157964 | Tomb:1   | Killed a royal mummy
158035 | Tomb:1   | Noticed a royal mummy
158039 | Tomb:1   | Killed a royal mummy
158130 | Tomb:1   | Noticed a royal mummy
158130 | Tomb:1   | Noticed a royal mummy
158136 | Tomb:1   | Killed a royal mummy
158138 | Tomb:1   | Noticed a royal mummy
158143 | Tomb:1   | Killed a royal mummy
158148 | Tomb:1   | Killed a royal mummy
158476 | Tomb:3   | Entered Level 3 of the Tomb of the Ancients
158488 | Tomb:3   | Noticed a royal mummy
158493 | Tomb:3   | Noticed Boris
158500 | Tomb:3   | Killed Boris
158501 | Tomb:3   | Killed a royal mummy
158505 | Tomb:3   | Noticed a royal mummy
158508 | Tomb:3   | Killed a royal mummy
158508 | Tomb:3   | Noticed a royal mummy
158511 | Tomb:3   | Killed a royal mummy
158514 | Tomb:3   | Noticed a royal mummy
158520 | Tomb:3   | Killed a royal mummy
158523 | Tomb:3   | Noticed a royal mummy
158526 | Tomb:3   | Killed a royal mummy
158530 | Tomb:3   | Noticed a royal mummy
158533 | Tomb:3   | Noticed a royal mummy
158533 | Tomb:3   | Killed a royal mummy
158534 | Tomb:3   | Killed a royal mummy
158549 | Tomb:3   | Noticed a royal mummy
158554 | Tomb:3   | Killed a royal mummy
158764 | Tomb:3   | Identified the +1 robe "Jis Hemm" {Archmagi}
158785 | Tomb:3   | Identified the +0 chain mail of Hubris {rElec MP+9}
158791 | Tomb:3   | Identified the staff of the Dark Horse {rPois rC- Str+2
                  | Int+5 Poison}
158792 | Tomb:3   | Identified the +7 quarterstaff "Bynwirus" {freeze, rElec
                  | Str+4}
158794 | Tomb:3   | Identified the +7 scimitar "Lutoh" {holy, rF+++ Dex+7}
158825 | Tomb:3   | Identified the +6 spear of Destiny {venom, rElec rPois rC-
                  | MP+9}
158901 | Tomb:3   | Identified the +2 quick blade "Kovounir" {drain, Drain rF++
                  | rC+}
158981 | Tomb:3   | Identified the +6 arbalest "Earthworm" {heavy, rN+ Int+4}
159149 | Tomb:3   | Got a golden rune of Zot
159757 | Zig:1    | Entered Level 1 of a ziggurat
159803 | Zig:2    | Entered Level 2 of a ziggurat
159819 | Zig:3    | Entered Level 3 of a ziggurat
159834 | Zig:3    | Identified the +0 robe of Indomitability {Harm}
159843 | Zig:4    | Entered Level 4 of a ziggurat
159931 | Zig:5    | Entered Level 5 of a ziggurat
159936 | Zig:5    | Noticed a dread lich
159946 | Zig:5    | Killed a dread lich
159994 | Zig:6    | Entered Level 6 of a ziggurat
160067 | Zig:6    | Identified the ring of Xiawn {Wiz rC+}
160084 | Zig:7    | Entered Level 7 of a ziggurat
160183 | Zig:7    | Identified the +1 plate armour of Qoehouq {rElec}
160186 | Zig:7    | Identified the amulet "Zoal Huc" {Spirit Int+3 Dex+6 SInv}
160197 | Zig:8    | Entered Level 8 of a ziggurat
160207 | Zig:8    | Noticed Tijuizys the pandemonium lord
160215 | Zig:8    | Killed Tijuizys the pandemonium lord
160332 | Zig:8    | Identified the ring "Toagieg" {Ice rCorr}
160352 | Zig:9    | Entered Level 9 of a ziggurat
160382 | Zig:9    | Identified the ring of Cuqoqaus {Str+6 SInv}
160389 | Zig:10   | Entered Level 10 of a ziggurat
160400 | Zig:10   | Noticed an ancient lich
160403 | Zig:10   | Killed an ancient lich
160464 | Zig:11   | Entered Level 11 of a ziggurat
160474 | Zig:11   | Noticed a royal mummy
160480 | Zig:11   | Killed a royal mummy
160670 | Zig:12   | Entered Level 12 of a ziggurat
160682 | Zig:12   | Noticed Elamony the pandemonium lord
160682 | Zig:12   | Noticed Taten the pandemonium lord
160685 | Zig:12   | Noticed Qaaxu the pandemonium lord
160686 | Zig:12   | Killed Qaaxu the pandemonium lord
160687 | Zig:12   | Killed Elamony the pandemonium lord
160688 | Zig:12   | Killed Taten the pandemonium lord
160810 | Zig:12   | Identified the staff "Arcanum" {Str+3 Dex+3 Conj}
160817 | Zig:12   | Identified the staff of a ziggurat {Fly rPois Dex+4 Poison}
160823 | Zig:13   | Entered Level 13 of a ziggurat
160942 | Zig:13   | Identified the amulet of Xugre {Regen+ rCorr Str-2 Dex+3
                  | SInv}
160946 | Zig:13   | Identified the +1 robe of the Other Side {rF- Dex+3 Slay+2}
160960 | Zig:14   | Entered Level 14 of a ziggurat
161018 | Zig:14   | Identified the +12 gold dragon scales of the Desert {rElec
                  | rPois rF+ rC+}
161091 | Zig:15   | Entered Level 15 of a ziggurat
161112 | Zig:15   | Paralysed by an air elemental for 1 turns
161206 | Zig:15   | Identified the +5 glaive of Lust {antimagic, Dex+3}
161253 | Zig:16   | Entered Level 16 of a ziggurat
161265 | Zig:16   | Noticed an ancient lich
161266 | Zig:16   | Noticed an ancient lich
161267 | Zig:16   | Noticed an ancient lich
161268 | Zig:16   | Killed an ancient lich
161268 | Zig:16   | Killed an ancient lich
161268 | Zig:16   | Noticed an ancient lich
161269 | Zig:16   | Killed an ancient lich
161269 | Zig:16   | Noticed an ancient lich
161270 | Zig:16   | Killed an ancient lich
161271 | Zig:16   | Killed an ancient lich
161271 | Zig:16   | Noticed a dread lich
161273 | Zig:16   | Killed a dread lich
161309 | Zig:16   | Identified the ring "Eborch" {rC+ MP+9 Int+6}
161336 | Zig:16   | Identified the amulet "Damnable Contraption" {Faith rF+
                  | Dex+6}
161339 | Zig:16   | Identified the +1 scale mail of Pituelisk {rN+ Will+}
161344 | Zig:16   | Identified the +3 orcbow of Ignis {heavy, Str+5 Stlth+}
161346 | Zig:16   | Identified the +0 falchion of the Final Chapter {spect, rC+
                  | Int+2}
161373 | Zig:17   | Entered Level 17 of a ziggurat
161381 | Zig:17   | Noticed Rauty's ghost (veteran MiFi)
161382 | Zig:17   | Noticed Dnvifnvgi's ghost (legendary MiFi)
161383 | Zig:17   | Noticed Muffal's ghost (legendary FoFi)
161385 | Zig:17   | Noticed zdzicho121's ghost (legendary GrEE)
161387 | Zig:17   | Noticed Dnvifnvgi's ghost (legendary MiFi)
161388 | Zig:17   | Noticed Gyofeun's ghost (legendary FoFi)
161389 | Zig:17   | Noticed gyole's ghost (legendary TrSh)
161389 | Zig:17   | Noticed Diwoup's ghost (legendary TeAE)
161399 | Zig:17   | Killed Rauty's ghost
161400 | Zig:17   | Killed Diwoup's ghost
161400 | Zig:17   | Killed Muffal's ghost
161400 | Zig:17   | Killed Dnvifnvgi's ghost
161401 | Zig:17   | Killed Dnvifnvgi's ghost
161402 | Zig:17   | Killed Gyofeun's ghost
161402 | Zig:17   | Killed gyole's ghost
161403 | Zig:17   | Killed zdzicho121's ghost
161864 | Zig:17   | Identified the +10 longbow "Kiuri" {flame, Will+ Dex+3}
161871 | Zig:17   | Identified the ring of Fetufi {Fly rF+ rCorr}
161875 | Zig:17   | Identified the +1 trident of the Red God {drain, Will+}
161877 | Zig:17   | Got a whispering book
161884 | Zig:18   | Entered Level 18 of a ziggurat
161914 | Zig:18   | Noticed an ancient lich
161915 | Zig:18   | Killed an ancient lich
162062 | Zig:18   | Identified the +1 leather armour of Kindness {+Inv rElec
                  | rCorr SInv}
162071 | Zig:18   | Identified the +5 dire flail of Conflict {freeze, rPois
                  | rCorr Int+3 Dex-3}
162092 | Zig:19   | Entered Level 19 of a ziggurat
162162 | Zig:19   | Identified the staff "Ogreslayer" {rN+ Dex+3 Earth}
162183 | Zig:19   | Identified the +1 dagger of the Tooth {holy, rN+ Str+3
                  | Stlth+}
162216 | Zig:20   | Entered Level 20 of a ziggurat
162494 | Zig:20   | Identified the +8 scimitar "Dyotoiti" {speed, *Noise rC++
                  | Dex+5}
162495 | Zig:20   | Identified the +10 plate armour of Vexation {rPois rF-
                  | Dex+8}
162511 | Zig:21   | Entered Level 21 of a ziggurat
162536 | Zig:21   | Noticed a royal mummy
162539 | Zig:21   | Killed a royal mummy
162540 | Zig:21   | Noticed a royal mummy
162541 | Zig:21   | Noticed a royal mummy
162543 | Zig:21   | Noticed a royal mummy
162544 | Zig:21   | Killed a royal mummy
162544 | Zig:21   | Noticed a royal mummy
162544 | Zig:21   | Noticed a royal mummy
162545 | Zig:21   | Killed a royal mummy
162545 | Zig:21   | Noticed a royal mummy
162545 | Zig:21   | Noticed a royal mummy
162546 | Zig:21   | Killed a royal mummy
162547 | Zig:21   | Killed a royal mummy
162547 | Zig:21   | Killed a royal mummy
162548 | Zig:21   | Killed a royal mummy
162548 | Zig:21   | Killed a royal mummy
162765 | Zig:21   | Identified the +1 short sword "Miuphat" {venom, rC+ Dex+3}
162801 | Zig:22   | Entered Level 22 of a ziggurat
162814 | Zig:22   | Noticed a royal mummy
162823 | Zig:22   | Noticed a royal mummy
162825 | Zig:22   | Killed a royal mummy
162829 | Zig:22   | Killed a royal mummy
162830 | Zig:22   | Noticed a royal mummy
162833 | Zig:22   | Noticed a royal mummy
162833 | Zig:22   | Noticed a royal mummy
162835 | Zig:22   | Noticed a royal mummy
162836 | Zig:22   | Killed a royal mummy
162836 | Zig:22   | Noticed a royal mummy
162837 | Zig:22   | Killed a royal mummy
162837 | Zig:22   | Killed a royal mummy
162838 | Zig:22   | Killed a royal mummy
162838 | Zig:22   | Noticed a royal mummy
162839 | Zig:22   | Killed a royal mummy
162841 | Zig:22   | Killed a royal mummy
162841 | Zig:22   | Noticed a royal mummy
162843 | Zig:22   | Noticed a royal mummy
162845 | Zig:22   | Noticed a royal mummy
162846 | Zig:22   | Killed a royal mummy
162846 | Zig:22   | Killed a royal mummy
162847 | Zig:22   | Killed a royal mummy
162847 | Zig:22   | Noticed a royal mummy
162856 | Zig:22   | Killed a royal mummy
162867 | Zig:22   | Noticed a royal mummy
162870 | Zig:22   | Killed a royal mummy
162870 | Zig:22   | Killed by a royal mummy's death curse

Illustrated notes

Levels and vault maps discovered:
D:1:      minmay_arrival_nine_rooms, layout_basic, basic_ecumenical_altar,
          minmay_domino_2
D:2:      wad_woods_settlement, layout_basic, basic_altar, serial_shops, shop,
          shop_fountains, shop_statue, shop, nicolae_diamond_shop,
          dreamdust_princess_corridor
D:3:      layout_loops_ring, mainiacjoe_overflow_chevrons,
          chequers_serial_rivers_room_a, uniq_jessica, uniq_grinder
D:4:      layout_cave_pools, kennysheep_little_box,
          cheibrodos_sewer_entry_drain, minmay_fountain_box,
          grunt_ministairs_11, nicolae_wooded_promenade
D:5:      layout_rooms, uniq_duvessa, uniq_prince_ribbit1, uniq_edmund
D:6:      layout_basic
D:7:      layout_cave_pools, kennysheep_mini_moat, temple_statues, serial_shops,
          shop, uniq_joseph
D:8:      layout_loops_ring, kennysheep_okawaru_gauntlet,
          mainiacjoe_overflow_paths, serial_shops,
          nicolae_shop_temple_entry_statues_fountains
D:9:      layout_rooms, nicolae_ru_great_annihilating_truth, st_stairs_12
D:10:     layout_loops_ring, worldfamousw_hep_ancestral_shrine,
          chequers_temple_overflow_minitemple, david_orc_4
D:11:     kennysheep_six_static_rooms, layout_basic, minmay_lair_entry_grove,
          serial_shops, shop, special_room [special_room_bee], minivault_24
D:12:     layout_layer_cave, gammafunk_ghost_ooze
D:13:     layout_loops_cross
D:14:     layout_basic, erik_vaults_1, serial_shops,
          nicolae_shop_back_alley_shop, reono_crystal_passage,
          nemelex_diamond_rough_becter
D:15:     grunt_enter_depths_magical_seal, layout_loops_cross,
          chequers_big_river
Temple:   chequers_temple_sunken
Lair:1:   layout_roguey, gammafunk_ghost_abyssal_escape, uniq_nergalle,
          uniq_maggie
Lair:2:   layout_small_grid, basic_altar, lemuel_fruit_fields
Lair:3:   layout_layer_cave, minmay_swamp_entry_reptiles,
          spider_nest_entry_rubble
Lair:4:   nzn_winding_woodlands_cross [nzn_winding_woodlands_5x15_default,
          nzn_winding_woodlands_5x15_pathside_ponds,
          nzn_winding_woodlands_5x15_river_crossing,
          nzn_winding_woodlands_5x15_twine,
          nzn_winding_woodlands_15x15_thick_spiral], layout_small_grid,
          slime_entry_1, serial_bayou_pond_d, serial_bayou_ford_a,
          nicolae_lair_lil_pond, kennysheep_abandoned_house, uniq_snorg
Lair:5:   minmay_lair_end_frog_pond, layout_long_grid,
          portal_ice_cave_entry_pillars_1, minmay_stone_trees_medium
Swamp:1:  layout_basic_swamp, evilmike_swamp_ruin_house_3
Swamp:2:  layout_basic_swamp, evilmike_swamp_ruin_house_4, swamp_pool4
Swamp:3:  layout_basic_swamp, hangedman_swamp_blocks, nicolae_swamp_big_swirl
Swamp:4:  byrel_swamp_growth_death_and_undeath, layout_basic_swamp
Spider:1: layout_spider_delve, uniq_agnes
Spider:2: layout_spider_delve
Spider:3: layout_cave_pods, nicolae_spider_nooks_and_crannies
Spider:4: hellmonk_spider_rune_endless_swarm, drop_trap,
          spiders_nest_ghost_moth_duel, uniq_aizul, uniq_arachne
Slime:1:  layout_caves, cheibrodos_slime_lost_civilization_6
Slime:2:  layout_caves
Slime:3:  cheibrodos_slime_lost_civilization_3, layout_caves
Slime:4:  layout_caves
Slime:5:  slime_pit_nicolae_jellycorners
Orc:1:    layout_diamond_mine
Orc:2:    st_orc_elflike, layout_caves, uniq_sonja
Elf:1:    nicolae_elf_arrival_dilemma, layout_geoelf_octagon, serial_glass,
          glass_columns_c, glass_columns_b, hangedman_elf_disciples
Elf:2:    nicolae_elf_blades_crystal_corner, layout_geoelf_octagon,
          serial_shops, nicolae_shop_temple_entry_statues_fountains,
          solitary_fountain, uniq_donald
Elf:3:    minmay_elf_hall_golems, layout_gridlike, minmay_shop_star,
          grunt_megastairs_4, uniq_zenata, uniq_norris
Vaults:1: nicolae_vaults_museum, ontoclasm_vaults_idyll,
          hangedman_vaults_capsules, v_alt_pattern_5,
          nicolae_vaults_doubleplus_tesselated, vaults_dpeg_encased_lava,
          nicolae_vaults_tetromino_L_1, layout_vaults_quadrants
Vaults:2: nicolae_vaults_sesquioval_fish, nicolae_vaults_mitosis,
          nicolae_vaults_sealed_display, nicolae_vaults_alarming,
          nicolae_vaults_storage_closets_2, hangedman_vaults_trim,
          grunt_tower_of_power, ontoclasm_vaults_hangar,
          layout_vaults_chaotic_city, serial_shops,
          nicolae_shop_tiny_real_fake_doors
Vaults:3: nicolae_vaults_specimen_jars, grunt_vaults_hallway_short,
          minmay_crypt_entry_necro_gods, vaults_room_boxed,
          ontoclasm_vaults_misaligned, v_pattern_3,
          nicolae_vaults_closet_pinwheel_3, grunt_vaults_diagonal, v_misc_27,
          ontoclasm_vaults_pinch, nicolae_vaults_heist,
          nicolae_vaults_double_plus_1, nicolae_vaults_closet_pinwheel_4,
          vaults_room_glass_cross, vaults_dpeg_ring, layout_vaults_maze_snakey
Vaults:4: nicolae_vaults_six-pack, v_misc_26, nicolae_vaults_circle_grid_b,
          ontoclasm_vaults_gateway, nicolae_vaults_storage_room_glass,
          vaults_mumra_hex, nicolae_vaults_little_squares_5,
          layout_vaults_omnicross, serial_shops, shop
Vaults:5: serial_shops, uniq_bai_suzhen
Crypt:1:  layout_regular_city, due_unseen_surprise
Crypt:2:  layout_catacombs
Crypt:3:  due_elkab, layout_chaotic_city, ebering_ghost_xom, uniq_mennas,
          uniq_khufu
Tomb:1
Tomb:2
Tomb:3:   uniq_boris
Depths:1: minmay_curly_fans, layout_basic, nicolae_water_bricks, hell_entry,
          minivault_12
Depths:2: lightli_eight_chambers, layout_cave_pools, rand_demon_pan_entry_1,
          grunt_hell_entry_dis_mu, hangedman_abyss_entry_splay, serial_rivers,
          chequers_serial_rivers_small_3, chequers_serial_rivers_micro_b,
          chequers_serial_rivers_micro_a, chequers_serial_rivers_room_a,
          chequers_serial_rivers_micro_e, chequers_serial_rivers_marsh
Depths:3: minmay_bloctagon, layout_cave_pools, rand_demon_pan_entry_8,
          hell_entry, abyss_entry, nicolae_blasting_shop, uniq_enchantress
Depths:4: evilmike_zot_entry_basic, layout_gridville, enter_ziggurat_f,
          minmay_misc_feat_tiny, hell_entry
Hell
Dis:1:    layout_jigsaw
Dis:2:    layout_regular_city
Dis:3:    layout_gridville
Dis:4:    layout_regular_city
Dis:5:    layout_regular_city
Dis:6:    layout_subdivisions, nicolae_dis_emergency_hatch
Dis:7:    dis_grunt_layers
Geh:1:    layout_gehenna_pools_triple
Geh:2:    layout_gehenna_pools_basic
Geh:3:    layout_gehenna_pools_triple
Geh:4:    layout_gehenna_pools_box, hangedman_elemental_grid_stream
Geh:5:    layout_gehenna_pools_basic
Geh:6:    layout_gehenna_pools_box, nicolae_geh_single_fiery_grave
Geh:7:    geh_mu
Coc:1:    layout_cocytus_delve, nicolae_hells_seeping_fissure
Coc:2:    layout_cocytus_water_paths
Coc:3:    layout_ice_bergs
Coc:4:    layout_cocytus_water_paths
Coc:5:    layout_cocytus_water_paths
Coc:6:    layout_cocytus_delve
Coc:7:    coc_grunt_cove [coc_grunt_cove_antaeus, coc_grunt_cove_fiend,
          coc_grunt_cove_fiend, coc_grunt_cove_fiend, coc_grunt_cove_fiend]
Tar:1:    layout_cathedral_of_symmetry
Tar:2:    layout_catacombs
Tar:3:    nicolae_hells_demon_pit, layout_cathedral_of_symmetry
Tar:4:    layout_honeycomb
Tar:5:    layout_honeycomb, grunt_tartarus_stairs_gauntlet_trap
Tar:6:    layout_grid_maze
Tar:7:    tar_grunt_cathedral
Zot:1:    layout_basic
Zot:2:    hangedman_snap_crack_crunch, layout_onion_interference, basic_altar
Zot:3:    layout_gridlike, gammafunk_ghost_arena, nicolae_shop_clearance,
          grunt_megastairs_5
Zot:4:    kennysheep_blocky_room, layout_cathedral_of_symmetry,
          st_single_dragon_hoard_1
Zot:5:    layout_misc_corridors
Zig:22

Skill      XL: |  1  2  3  4  5  6  7  8  9 10 11 12 13 14 15 16 17 18 19 20 21 22 23 24 25 26 27 |
---------------+----------------------------------------------------------------------------------+-----
Transmutations | 1 2 3 4 5 6 7 8 9 10 | 10.0
Earth Magic    | 4 5 6 8 9 11 12 13 14 15 17 18 19 20 21 22 27 | 27.0
Dodging        | 2 3 4 5 22 | 22.2
Stealth        | 3 4 5 6 7 8 9 11 | 11.0
Spellcasting   | 3 4 6 7 8 9 10 11 12 13 14 15 16 17 18 19 27 | 27.0
Fighting       | 3 6 7 8 9 10 12 13 14 16 17 18 19 20 21 27 | 27.0
Conjurations   | 3 6 7 8 9 10 11 12 13 14 15 17 18 19 20 21 23 | 23.0
Fire Magic     | 2 4 5 7 8 10 11 12 13 16 | 16.0
Short Blades   | 2 4 5 6 |  6.0
Translocations | 3 4 6 10 | 10.0
Evocations     | 3 4 6 7 8 9 10 | 10.0
Poison Magic   | 3 5 6 |  6.0
Shields        | 1 5 7 9 10 18 | 18.3
Air Magic      | 1 3 5 |  5.1
Summonings     | 4 5 25 | 25.0
Armour         | 4 7 9 23 | 23.9
Staves         | 4 12 | 12.0
Necromancy     | 25 | 25.0

Action                     |  1- 3 |  4- 6 |  7- 9 | 10-12 | 13-15 | 16-18 | 19-21 | 22-24 | 25-27 || total
---------------------------+-------+-------+-------+-------+-------+-------+-------+-------+-------++-------
  Melee: Unarmed           |     2 |       |       |       |       |       |       |       |       ||     2
         Punch             |     1 |       |       |     1 |     2 |       |       |       |       ||     4
         Dagger            |     1 |     4 |       |       |       |       |       |       |       ||     5
         Staff             |       |       |     2 |     3 |     1 |    13 |    40 |    15 |  1065 ||  1139
         Short sword       |       |       |       |    63 |       |       |       |       |       ||    63
         Rapier            |       |       |       |       |    76 |    23 |       |       |       ||    99
   Cast: Sandblast         |    44 |    52 |   222 |   312 |   193 |     5 |     1 |       |       ||   829
         Stone Arrow       |       |       |     9 |    42 |    71 |       |       |       |       ||   122
         Petrify           |       |       |       |    21 |    17 |     1 |       |       |       ||    39
         Iskenderun's Myst |       |       |       |    15 |    19 |    61 |    28 |    67 |    13 ||   203
         Ignite Poison     |       |       |       |     2 |    97 |    86 |    34 |    15 |       ||   234
         Olgreb's Toxic Ra |       |       |       |     1 |    53 |    43 |    15 |     7 |       ||   119
         Bombard           |       |       |       |       |    91 |   455 |    86 |       |       ||   632
         Eringya's Noxious |       |       |       |       |       |     3 |       |       |       ||     3
         Plasma Beam       |       |       |       |       |       |     7 |    10 |     1 |       ||    18
         Lehudib's Crystal |       |       |       |       |       |       |   344 |   432 |  3322 ||  4098
         Shatter           |       |       |       |       |       |       |       |    21 |   168 ||   189
         Ignition          |       |       |       |       |       |       |       |    37 |   282 ||   319
         Yara's Violent Un |       |       |       |       |       |       |       |     1 |     6 ||     7
         Spellforged Servi |       |       |       |       |       |       |       |       |   144 ||   144
         Fire Storm        |       |       |       |       |       |       |       |       |    86 ||    86
         Dispersal         |       |       |       |       |       |       |       |       |    11 ||    11
         Passage of Golubr |       |       |       |       |       |       |       |       |     7 ||     7
         Borgnjor's Vile C |       |       |       |       |       |       |       |       |     7 ||     7
         Lee's Rapid Decon |       |       |       |       |       |       |       |       |     4 ||     4
         Death's Door      |       |       |       |       |       |       |       |       |     3 ||     3
         Dragon's Call     |       |       |       |       |       |       |       |       |     1 ||     1
  Evoke: Wand              |       |       |       |       |       |     6 |     9 |     5 |     7 ||    27
         Condenser vane    |       |       |       |       |       |     1 |       |     1 |     1 ||     3
         Horn of Geryon    |       |       |       |       |       |       |       |       |     1 ||     1
    Use: Potion            |       |       |       |     4 |     3 |     1 |     2 |    10 |    76 ||    96
         Scroll            |       |       |       |       |    24 |    13 |     2 |     8 |    53 ||   100
   Stab: Petrified         |       |       |       |    48 |    45 |       |       |       |       ||    93
         Petrifying        |       |       |       |     2 |     7 |       |       |       |       ||     9
         Distracted        |       |       |       |       |       |       |       |       |     9 ||     9
         Sleeping          |       |       |       |       |       |       |       |       |     2 ||     2
 Armour: Robe              |    10 |     2 |       |       |       |       |       |       |       ||    12
         Leather armour    |       |     7 |    84 |   261 |   220 |   307 |   146 |   240 |  1604 ||  2869
         Skin              |       |       |       |       |       |       |       |       |   132 ||   132
  Dodge: Dodged            |     7 |    11 |    90 |   194 |   239 |   171 |    51 |    78 |  1384 ||  2225
         Repelled          |       |       |       |       |       |       |       |       |    10 ||    10
  Block: Other             |       |       |       |       |    27 |       |       |       |       ||    27
         Buckler           |       |       |       |       |    49 |   137 |    78 |    99 |  1444 ||  1807
         Reflection        |       |       |       |       |     2 |    17 |    23 |    14 |    55 ||   111

Table legend: (Time is in decaauts)
 A = Elapsed time spent in this place.
 B = Non-inter-level travel time spent in this place.
 C = Inter-level travel time spent in this place.
 D = Time resting spent in this place.
 E = Time spent auto-exploring this place.
 F = Levels seen in this place.
 G = Mean time per level.
                   A        B        C        D        E       F      G
               +--------+--------+--------+--------+--------+-----+--------+
         Total | 163231 | 150527 |  12704 |  36346 |  85548 | 137 | 1191.5 |
       Dungeon |  19314 |  14869 |   4445 |   1037 |  11790 |  15 | 1287.6 |
        Temple |     29 |      2 |     27 |      0 |      0 |   1 |   29.0 |
          Lair |   8556 |   7528 |   1028 |    669 |   5514 |   5 | 1711.2 |
         Swamp |   6941 |   6700 |    241 |   2529 |   3304 |   4 | 1735.2 |
   Spider Nest |   6925 |   6695 |    230 |   1484 |   4374 |   4 | 1731.2 |
    Slime Pits |   4182 |   3968 |    214 |    537 |   2841 |   5 |  836.4 |
  Orcish Mines |   1913 |   1607 |    306 |    267 |   1072 |   2 |  956.5 |
   Elven Halls |   7404 |   6972 |    432 |   1842 |   4064 |   3 | 2468.0 |
        Vaults |  11888 |  10448 |   1440 |   1200 |   8044 |   5 | 2377.6 |
         Crypt |   6095 |   5653 |    442 |    148 |   4927 |   3 | 2031.7 |
          Tomb |   4763 |   4404 |    359 |   1346 |   2310 |   3 | 1587.7 |
        Depths |  10957 |   9297 |   1660 |   3514 |   4519 |   4 | 2739.2 |
          Hell |   2533 |   2219 |    314 |   1140 |    828 |   1 | 2533.0 |
           Dis |   6855 |   6526 |    329 |   2955 |   1948 |   7 |  979.3 |
       Gehenna |   5623 |   5465 |    158 |   1922 |   2177 |   7 |  803.3 |
       Cocytus |   4395 |   4141 |    254 |   1695 |   1347 |   7 |  627.9 |
      Tartarus |   7228 |   7062 |    166 |   2276 |   3613 |   7 | 1032.6 |
           Zot |  11023 |  10371 |    652 |   1695 |   7142 |   5 | 2204.6 |
         Abyss |   1606 |   1606 |      0 |    212 |    537 |   4 |  401.5 |
   Pandemonium |  30110 |  30110 |      0 |   8577 |  13062 |  21 | 1433.8 |
      Ziggurat |   3163 |   3163 |      0 |   1155 |   1144 |  22 |  143.8 |
         Sewer |    597 |    597 |      0 |      0 |    369 |   1 |  597.0 |
      Ice Cave |   1122 |   1122 |      0 |    144 |    619 |   1 | 1122.0 |
               +--------+--------+--------+--------+--------+-----+--------+

Top non-repeatable levels by time:
Depths:2: 5857 daAuts
   Dis:7: 3816 daAuts
  Tomb:1: 3208 daAuts
   Tar:7: 3157 daAuts
 Crypt:3: 2959 daAuts
   Elf:3: 2910 daAuts
   Zot:1: 2698 daAuts
   Geh:7: 2641 daAuts
Vaults:5: 2618 daAuts
   Zot:4: 2584 daAuts
   Elf:1: 2560 daAuts
Vaults:2: 2535 daAuts
    Hell: 2533 daAuts
   Coc:7: 2466 daAuts
    D:15: 2453 daAuts
